Workbook
Name \a: #REF!
Name \a: #REF!
Name \a: #REF!
Name \a: #REF!
Name \a: #REF!
Name \b: #REF!
Name \b: #REF!
Name \b: #REF!
Name \b: #REF!
Name \b: #REF!
Name \c: #REF!
Name \c: #REF!
Name \c: #REF!
Name \c: #REF!
Name \c: #REF!
Name \d: #REF!
Name \d: #REF!
Name \d: #REF!
Name \d: #REF!
Name \d: #REF!
Name \eliminar: [1]RESUM96!#REF!
Name \eliminar: [1]RESUM96!#REF!
Name \eliminar: [1]RESUM96!#REF!
Name \eliminar: [1]RESUM96!#REF!
Name \eliminar: [1]RESUM96!#REF!
Name \eliminar1: [1]RESUM96!#REF!
Name \eliminar1: [1]RESUM96!#REF!
Name \eliminar1: [1]RESUM96!#REF!
Name \eliminar1: [1]RESUM96!#REF!
Name \eliminar1: [1]RESUM96!#REF!
Name \i: #REF!
Name \i: #REF!
Name \i: #REF!
Name \i: #REF!
Name \i: #REF!
Name \n: #REF!
Name \n: #REF!
Name \n: #REF!
Name \n: #REF!
Name \n: #REF!
Name \o: #REF!
Name \o: #REF!
Name \o: #REF!
Name \o: #REF!
Name \o: #REF!
Name \q: #REF!
Name \q: #REF!
Name \q: #REF!
Name \q: #REF!
Name \q: #REF!
Name \z: #REF!
Name \z: #REF!
Name \z: #REF!
Name \z: #REF!
Name \z: #REF!
Name _AU1: '[2]CIRCUITOS CODENSA'!#REF!
Name _AU1: '[2]CIRCUITOS CODENSA'!#REF!
Name _AU1: '[2]CIRCUITOS CODENSA'!#REF!
Name _AU1: '[2]CIRCUITOS CODENSA'!#REF!
Name _AU1: '[2]CIRCUITOS CODENSA'!#REF!

Sheet DRIVERS
A1: DATOS GENERALES
A3: INVENTARIO
A4: LUMINARIA NA 70W | B4: 851
A5: LUMINARIA NA 150W | B5: 202
A6: LUMINARIA NA 250W
A7: LUMINARIA NA 400W
A8: LUMINARIA LED 20-60W | B8: 48
A9: LUMINARIA LED 60-80W | B9: 99
A10: LUMINARIA LED 80-120W | B10: 28
A11: LUMINARIA LED 120-160W
A12: LUMINARIA LED 160-300W | B12: 10
A13: LUMINARIA LED 40-80W SOLAR
A14: TOTAL | B14: =SUM(B4:B13) -> 1238
A16: $/kWh | B16: 631.63
A18: IPP OI ANUAL DIC 2020 | B18: 0.0165 | D18: IPP OI ANUAL 2017 | E18: 0.0186 | F18: IPP OI ANUAL 2014 | G18: 0.0633
A19: IPP OI ANUAL DIC 2021 | B19: 0.1871 | D19: IPP OI ANUAL 2018 | E19: 0.0309 | F19: IPP OI ANUAL 2015 | G19: 0.0957
A20: IPP OI ANUAL DIC 2021 | B20: 0.2276 | D20: IPP OI ANUAL 2019 | E20: 0.0466 | F20: IPP OI ANUAL 2016 | G20: 0.0162
A21: IPP OI PROMEDIO PROYECTADO | B21: =+AVERAGE(B18:B20,E18:E20,G18:G20)-0.01 -> 0.068055556 | C21: (*): | D21: Datos Banco de La República - Informes Política Monetaria - corrección 1% a la baja
A23: CRECIMIENTO VEG. | B23: 0.018 | C23: Dato Banco de La República para 2023
A25: IPC ANUAL DIC. 2020 | B25: 0.0161 | D25: IPC ANUAL 2017 | E25: 0.0409 | F25: IPC ANUAL 2014 | G25: 0.037
A26: IPC ANUAL DIC. 2021 | B26: 0.0562 | D26: IPC ANUAL 2018 | E26: 0.0318 | F26: IPC ANUAL 2015 | G26: 0.068
A27: IPC ANUAL DIC. 2022 | B27: 0.1312 | D27: IPC ANUAL 2019 | E27: 0.038 | F27: IPC ANUAL 2016 | G27: 0.013
A28: IPC PROMEDIO PROYECTADO | B28: 0.0709 | C28: (*): | D28: Datos Banco de La República - Informes Política Monetaria - pronóstico macroeconómico 2023
A30: VALOR UCAPS | B30: $ | C30: Vi | D30: 1
A31: LUMINARIA NA 70W | B31: =+[23]LUM70Na!$E$46 -> 893998.32 | C31: 15 | D31: =+$B31*D$64 -> 893998.32
A32: LUMINARIA NA 150W | B32: =+[23]LUM150NA!$E$46 -> 1297495 | C32: 15 | D32: =+$B32*D$64 -> 1297495
A33: LUMINARIA NA 250W | B33: =+[23]LUM250NA!$E$46 -> 1452469.4 | C33: 15 | D33: =+$B33*D$64 -> 1452469.4
A34: LUMINARIA NA 400W | B34: =+[23]LUM400NA!$E$46 -> 1497721.2 | C34: 15 | D34: =+$B34*D$64 -> 1497721.2
A35: LUMINARIA LED 20-60W | B35: =+'[23]LED30-60W'!$E$45 -> 2201787.1 | C35: 15 | D35: =+$B35*D$64 -> 2201787.1
A36: LUMINARIA LED 60-80W | B36: =+'[23]LED60-80W'!$E$45 -> 2505481.9 | C36: 15 | D36: =+$B36*D$64 -> 2505481.9
A37: LUMINARIA LED 80-120W | B37: =+'[23]LED80-120W'!$E$45 -> 2657329.3 | C37: 15 | D37: =+$B37*D$64 -> 2657329.3
A38: LUMINARIA LED 120-160W | B38: =+'[23]LED120-160W'!$E$45 -> 2809176.7 | C38: 15 | D38: =+$B38*D$64 -> 2809176.7
A39: LUMINARIA LED 160-300W | B39: =+'[23]LED160-300W'!$E$45 -> 3112871.5 | C39: 15 | D39: =+$B39*D$64 -> 3112871.5
A40: LUMINARIA LED 40-80W SOLAR | B40: =+'[23]LED40-80W SOLAR'!$E$45 -> 3492490 | C40: 15 | D40: =+$B40*D$64 -> 3492490
A41: TRANSFORMADOR EXCLUSIVO AP | B41: =+'[23]TRAFO EXCL. AP'!$C$47 -> 9099656.1 | C41: 20 | D41: =+$B41*D$64 -> 9099656.1
A42: POSTE CONCRETO | B42: =+'[23]POSTE CONCRETO'!$C$43 -> 1731599.1 | C42: 30 | D42: =+$B42*D$64 -> 1731599.1
A43: POSTE METALICO | B43: =+'[23]POSTE METALICO'!$C$48 -> 3792135.4 | C43: 30 | D43: =+$B43*D$64 -> 3792135.4
A44: RED AEREA | B44: =+'[23]RED AEREA'!$C$54/1000 -> 17663.54 | C44: 20 | D44: =+$B44*D$64 -> 17663.54
A45: CAMARA INSPEC. | B45: =+'[23]CAMARA INSPEC.'!$C$41 -> 953803.11 | C45: 30 | D45: =+$B45*D$64 -> 953803.11
A46: CANALIZACION | B46: =+[23]CANALIZACION!$C$41 -> 289262.07 | C46: 30 | D46: =+$B46*D$64 -> 289262.07
A47: RED SUBTERRANEA | B47: =+'[23]RED SUBT.'!$C$43/1000 -> 21155.882 | C47: 30 | D47: =+$B47*D$64 -> 21155.882
A48: TELEGESTIÓN | B48: =+[23]TELEGESTIÓN!$E$39 -> 1032972.2 | C48: 10 | D48: =+$B48*D$64 -> 1032972.2
A50: CAOM
A51: FAOMn | B51: 0.04
A52: FAOML | B52: 0.092
A53: FAOMS | B53: 0
A55: CINV
A56: TASA DE RETORNO | B56: 0.1209
A57: NE | B57: 0.041
C59: IPPo | D59: 1 | E59: 2 | F59: 3 | G59: 4 | H59: 5 | I59: 6 | J59: 7 | K59: 8 | L59: 9 | M59: 10 | N59: 11 | O59: 12 | P59: 13 | Q59: 14 | R59: 15 | S59: 16 | T59: 17 | U59: 18 | V59: 19 | W59: 20 | X59: 21 | Y59: 22 | Z59: 23 | AA59: 24 | AB59: 25 | AC59: 26 | AD59: 27 | AE59: 28 | AF59: 29 | AG59: 30 | AH59: 31 | AI59: 32 | AJ59: 33 | AK59: 34 | AL59: 35 | AM59: 36 | AN59: 37 | AO59: 38 | AP59: 39 | AQ59: 40 | AR59: 41 | AS59: 42 | AT59: 43 | AU59: 44 | AV59: 45 | AW59: 46 | AX59: 47 | AY59: 48 | AZ59: 49 | BA59: 50 | BB59: 51 | BC59: 52 | BD59: 53 | BE59: 54 | BF59: 55 | BG59: 56 | BH59: 57 | BI59: 58 | BJ59: 59 | BK59: 60 | BL59: 61 | BM59: 62 | BN59: 63 | BO59: 64 | BP59: 65 | BQ59: 66 | BR59: 67 | BS59: 68 | BT59: 69 | BU59: 70 | BV59: 71 | BW59: 72 | BX59: 73 | BY59: 74 | BZ59: 75 | CA59: 76 | CB59: 77 | CC59: 78 | CD59: 79 | CE59: 80 | CF59: 81 | CG59: 82 | CH59: 83 | CI59: 84 | CJ59: 85 | CK59: 86 | CL59: 87 | CM59: 88 | CN59: 89 | CO59: 90 | CP59: 91 | CQ59: 92 | CR59: 93 | CS59: 94 | CT59: 95 | CU59: 96 | CV59: 97 | CW59: 98 | CX59: 99 | CY59: 100 | CZ59: 101 | DA59: 102 | DB59: 103 | DC59: 104 | DD59: 105 | DE59: 106 | DF59: 107 | DG59: 108 | DH59: 109 | DI59: 110 | DJ59: 111 | DK59: 112 | DL59: 113 | DM59: 114 | DN59: 115 | DO59: 116 | DP59: 117 | DQ59: 118 | DR59: 119 | DS59: 120 | DT59: 121 | DU59: 122 | DV59: 123 | DW59: 124 | DX59: 125 | DY59: 126 | DZ59: 127 | EA59: 128 | EB59: 129 | EC59: 130 | ED59: 131 | EE59: 132 | EF59: 133 | EG59: 134 | EH59: 135 | EI59: 136 | EJ59: 137 | EK59: 138 | EL59: 139 | EM59: 140 | EN59: 141 | EO59: 142 | EP59: 143 | EQ59: 144 | ER59: 145 | ES59: 146 | ET59: 147 | EU59: 148 | EV59: 149 | EW59: 150 | EX59: 151 | EY59: 152 | EZ59: 153 | FA59: 154 | FB59: 155 | FC59: 156 | FD59: 157 | FE59: 158 | FF59: 159 | FG59: 160 | FH59: 161 | FI59: 162 | FJ59: 163 | FK59: 164 | FL59: 165 | FM59: 166 | FN59: 167 | FO59: 168 | FP59: 169 | FQ59: 170 | FR59: 171 | FS59: 172 | FT59: 173 | FU59: 174 | FV59: 175 | FW59: 176 | FX59: 177 | FY59: 178 | FZ59: 179 | GA59: 180 | GB59: 181 | GC59: 182 | GD59: 183 | GE59: 184 | GF59: 185 | GG59: 186 | GH59: 187 | GI59: 188 | GJ59: 189 | GK59: 190 | GL59: 191 | GM59: 192 | GN59: 193 | GO59: 194 | GP59: 195 | GQ59: 196 | GR59: 197 | GS59: 198 | GT59: 199 | GU59: 200 | GV59: 201 | GW59: 202 | GX59: 203 | GY59: 204 | GZ59: 205 | HA59: 206 | HB59: 207 | HC59: 208 | HD59: 209 | HE59: 210 | HF59: 211 | HG59: 212 | HH59: 213 | HI59: 214 | HJ59: 215 | HK59: 216 | HL59: 217 | HM59: 218 | HN59: 219 | HO59: 220 | HP59: 221 | HQ59: 222 | HR59: 223 | HS59: 224 | HT59: 225 | HU59: 226 | HV59: 227 | HW59: 228 | HX59: 229 | HY59: 230 | HZ59: 231 | IA59: 232 | IB59: 233 | IC59: 234 | ID59: 235 | IE59: 236 | IF59: 237 | IG59: 238 | IH59: 239 | II59: 240 | IJ59: 241 | IK59: 242 | IL59: 243 | IM59: 244 | IN59: 245 | IO59: 246 | IP59: 247 | IQ59: 248 | IR59: 249 | IS59: 250 | IT59: 251 | IU59: 252 | IV59: 253 | IW59: 254 | IX59: 255 | IY59: 256 | IZ59: 257 | JA59: 258 | JB59: 259 | JC59: 260 | JD59: 261 | JE59: 262 | JF59: 263 | JG59: 264 | JH59: 265 | JI59: 266 | JJ59: 267 | JK59: 268 | JL59: 269 | JM59: 270 | JN59: 271 | JO59: 272 | JP59: 273 | JQ59: 274 | JR59: 275 | JS59: 276 | JT59: 277 | JU59: 278 | JV59: 279 | JW59: 280 | JX59: 281 | JY59: 282 | JZ59: 283 | KA59: 284 | KB59: 285 | KC59: 286 | KD59: 287 | KE59: 288 | KF59: 289 | KG59: 290 | KH59: 291 | KI59: 292 | KJ59: 293 | KK59: 294 | KL59: 295 | KM59: 296 | KN59: 297 | KO59: 298 | KP59: 299 | KQ59: 300
A60: PRECIO ENERGÍA | C60: 100 | D60: =+C60+((($B$21*100)/12)) -> 100.56713 | E60: =+D60+((($B$21*100)/12)) -> 101.13426 | F60: =+E60+((($B$21*100)/12)) -> 101.70139 | G60: =+F60+((($B$21*100)/12)) -> 102.26852 | H60: =+G60+((($B$21*100)/12)) -> 102.83565 | I60: =+H60+((($B$21*100)/12)) -> 103.40278 | J60: =+I60+((($B$21*100)/12)) -> 103.96991 | K60: =+J60+((($B$21*100)/12)) -> 104.53704 | ... KQ60: =+KP60+((($B$21*100)/12)) -> 270.13889
A61: $/kWh | B61: =+B16 -> 631.63 | D61: =+$B$61*(C60/$C$60) -> 631.63 | E61: =+$B$61*(D60/$C$60) -> 635.21216 | F61: =+$B$61*(E60/$C$60) -> 638.79432 | G61: =+$B$61*(F60/$C$60) -> 642.37648 | H61: =+$B$61*(G60/$C$60) -> 645.95864 | I61: =+$B$61*(H60/$C$60) -> 649.5408 | J61: =+$B$61*(I60/$C$60) -> 653.12297 | K61: =+$B$61*(J60/$C$60) -> 656.70513 | ... KQ61: =+$B$61*(KP60/$C$60) -> 1702.6961
A63: FACTORES ACTUALIZACIÓN | C63: IPPo
A64: IPP | D64: =+(C60/$C$60) -> 1 | E64: =+(D60/$C$60) -> 1.0056713 | F64: =+(E60/$C$60) -> 1.0113426 | G64: =+(F60/$C$60) -> 1.0170139 | H64: =+(G60/$C$60) -> 1.0226852 | I64: =+(H60/$C$60) -> 1.0283565 | J64: =+(I60/$C$60) -> 1.0340278 | K64: =+(J60/$C$60) -> 1.0396991 | ... KQ64: =+(KP60/$C$60) -> 2.6957176
A65: IPC | D65: =+C67/$C$67 -> 1 | E65: =+D67/$C$67 -> 1.0059083 | F65: =+E67/$C$67 -> 1.0118167 | G65: =+F67/$C$67 -> 1.017725 | H65: =+G67/$C$67 -> 1.0236333 | I65: =+H67/$C$67 -> 1.0295417 | J65: =+I67/$C$67 -> 1.03545 | K65: =+J67/$C$67 -> 1.0413583 | ... KQ65: =+KP67/$C$67 -> 2.7665917
C66: IPCo
C67: 100 | D67: =+C67+((($B$28*100)/12)) -> 100.59083 | E67: =+D67+((($B$28*100)/12)) -> 101.18167 | F67: =+E67+((($B$28*100)/12)) -> 101.7725 | G67: =+F67+((($B$28*100)/12)) -> 102.36333 | H67: =+G67+((($B$28*100)/12)) -> 102.95417 | I67: =+H67+((($B$28*100)/12)) -> 103.545 | J67: =+I67+((($B$28*100)/12)) -> 104.13583 | K67: =+J67+((($B$28*100)/12)) -> 104.72667 | ... KQ67: =+KP67+((($B$28*100)/12)) -> 277.25
A69: INGRESO IAP | B69: =101260028.397838*1.1325 -> 1.1467698e+08 | D69: =+$B$69*D65*D70 -> 1.1467698e+08 | E69: =+$B$69*E65*E70 -> 1.1554679e+08 | F69: =+$B$69*F65*F70 -> 1.1641886e+08 | G69: =+$B$69*G65*G70 -> 1.1729318e+08 | H69: =+$B$69*H65*H70 -> 1.1816976e+08 | I69: =+$B$69*I65*I70 -> 1.190486e+08 | J69: =+$B$69*J65*J70 -> 1.199297e+08 | K69: =+$B$69*K65*K70 -> 1.2081306e+08 | ... KQ69: =+$B$69*KQ65*KQ70 -> 4.753678e+08
A70: CRECIMIENTO POBLACIÓN | B70: 0.02 | C70: Cpo | D70: =+C71/$C$71 -> 1 | E70: =+D71/$C$71 -> 1.0016667 | F70: =+E71/$C$71 -> 1.0033333 | G70: =+F71/$C$71 -> 1.005 | H70: =+G71/$C$71 -> 1.0066667 | I70: =+H71/$C$71 -> 1.0083333 | J70: =+I71/$C$71 -> 1.01 | K70: =+J71/$C$71 -> 1.0116667 | ... KQ70: =+KP71/$C$71 -> 1.4983333
C71: 100 | D71: =+C71+((($B$70*100)/12)) -> 100.16667 | E71: =+D71+((($B$70*100)/12)) -> 100.33333 | F71: =+E71+((($B$70*100)/12)) -> 100.5 | G71: =+F71+((($B$70*100)/12)) -> 100.66667 | H71: =+G71+((($B$70*100)/12)) -> 100.83333 | I71: =+H71+((($B$70*100)/12)) -> 101 | J71: =+I71+((($B$70*100)/12)) -> 101.16667 | K71: =+J71+((($B$70*100)/12)) -> 101.33333 | ... KQ71: =+KP71+((($B$70*100)/12)) -> 150

Sheet FLUJO DE CAJA
A1: MUNICIPIO DE URRAO - ANTIOQUIA
A2: MODELO CREG 101-013 DE 2022
A4: IPP | C4: =+DRIVERS!B21/12 -> 0.0056712963 | D4: MENSUAL
A5: IPC | C5: =+DRIVERS!B28/12 -> 0.0059083333 | D5: MENSUAL
A6: CRECIM. POBLACIONAL (USUARIOS) | C6: 0.02 | D6: ANUAL
A7: AOM | C7: =+DRIVERS!B52 -> 0.092 | D7: FRACCIÓN ANUAL
A8: WACC | C8: =+DRIVERS!B56 -> 0.1209 | D8: WACC ANUAL
C9: 45108 | D9: 45139 | E9: 45170 | F9: 45200 | G9: 45231 | H9: 45261 | I9: 45292 | J9: 45323 | K9: 45352 | L9: 45383 | M9: 45413 | N9: 45444 | O9: 45474 | P9: 45505 | Q9: 45536 | R9: 45566 | S9: 45597 | T9: 45627 | U9: 45658 | V9: 45689 | W9: 45717 | X9: 45748 | Y9: 45778 | Z9: 45809 | AA9: 45839 | AB9: 45870 | AC9: 45901 | AD9: 45931 | AE9: 45962 | AF9: 45992 | AG9: 46023 | AH9: 46054 | AI9: 46082 | AJ9: 46113 | AK9: 46143 | AL9: 46174 | AM9: 46204 | AN9: 46235 | AO9: 46266 | AP9: 46296 | AQ9: 46327 | AR9: 46357 | AS9: 46388 | AT9: 46419 | AU9: 46447 | AV9: 46478 | AW9: 46508 | AX9: 46539 | AY9: 46569 | AZ9: 46600 | BA9: 46631 | BB9: 46661 | BC9: 46692 | BD9: 46722 | BE9: 46753 | BF9: 46784 | BG9: 46813 | BH9: 46844 | BI9: 46874 | BJ9: 46905 | BK9: 46935 | BL9: 46966 | BM9: 46997 | BN9: 47027 | BO9: 47058 | BP9: 47088 | BQ9: 47119 | BR9: 47150 | BS9: 47178 | BT9: 47209 | BU9: 47239 | BV9: 47270 | BW9: 47300 | BX9: 47331 | BY9: 47362 | BZ9: 47392 | CA9: 47423 | CB9: 47453 | CC9: 47484 | CD9: 47515 | CE9: 47543 | CF9: 47574 | CG9: 47604 | CH9: 47635 | CI9: 47665 | CJ9: 47696 | CK9: 47727 | CL9: 47757 | CM9: 47788 | CN9: 47818 | CO9: 47849 | CP9: 47880 | CQ9: 47908 | CR9: 47939 | CS9: 47969 | CT9: 48000 | CU9: 48030 | CV9: 48061 | CW9: 48092 | CX9: 48122 | CY9: 48153 | CZ9: 48183 | DA9: 48214 | DB9: 48245 | DC9: 48274 | DD9: 48305 | DE9: 48335 | DF9: 48366 | DG9: 48396 | DH9: 48427 | DI9: 48458 | DJ9: 48488 | DK9: 48519 | DL9: 48549 | DM9: 48580 | DN9: 48611 | DO9: 48639 | DP9: 48670 | DQ9: 48700 | DR9: 48731 | DS9: 48761 | DT9: 48792 | DU9: 48823 | DV9: 48853 | DW9: 48884 | DX9: 48914 | DY9: 48945 | DZ9: 48976 | EA9: 49004 | EB9: 49035 | EC9: 49065 | ED9: 49096 | EE9: 49126 | EF9: 49157 | EG9: 49188 | EH9: 49218 | EI9: 49249 | EJ9: 49279 | EK9: 49310 | EL9: 49341 | EM9: 49369 | EN9: 49400 | EO9: 49430 | EP9: 49461 | EQ9: 49491 | ER9: 49522 | ES9: 49553 | ET9: 49583 | EU9: 49614 | EV9: 49644 | EW9: 49675 | EX9: 49706 | EY9: 49735 | EZ9: 49766 | FA9: 49796 | FB9: 49827 | FC9: 49857 | FD9: 49888 | FE9: 49919 | FF9: 49949 | FG9: 49980 | FH9: 50010 | FI9: 50041 | FJ9: 50072 | FK9: 50100 | FL9: 50131 | FM9: 50161 | FN9: 50192 | FO9: 50222 | FP9: 50253 | FQ9: 50284 | FR9: 50314 | FS9: 50345 | FT9: 50375 | FU9: 50406 | FV9: 50437 | FW9: 50465 | FX9: 50496 | FY9: 50526 | FZ9: 50557 | GA9: 50587 | GB9: 50618 | GC9: 50649 | GD9: 50679 | GE9: 50710 | GF9: 50740 | GG9: 50771 | GH9: 50802 | GI9: 50830 | GJ9: 50861 | GK9: 50891 | GL9: 50922 | GM9: 50952 | GN9: 50983 | GO9: 51014 | GP9: 51044 | GQ9: 51075 | GR9: 51105 | GS9: 51136 | GT9: 51167 | GU9: 51196 | GV9: 51227 | GW9: 51257 | GX9: 51288 | GY9: 51318 | GZ9: 51349 | HA9: 51380 | HB9: 51410 | HC9: 51441 | HD9: 51471 | HE9: 51502 | HF9: 51533 | HG9: 51561 | HH9: 51592 | HI9: 51622 | HJ9: 51653 | HK9: 51683 | HL9: 51714 | HM9: 51745 | HN9: 51775 | HO9: 51806 | HP9: 51836 | HQ9: 51867 | HR9: 51898 | HS9: 51926 | HT9: 51957 | HU9: 51987 | HV9: 52018 | HW9: 52048 | HX9: 52079 | HY9: 52110 | HZ9: 52140 | IA9: 52171 | IB9: 52201 | IC9: 52232 | ID9: 52263 | IE9: 52291 | IF9: 52322 | IG9: 52352 | IH9: 52383 | II9: 52413 | IJ9: 52444 | IK9: 52475 | IL9: 52505 | IM9: 52536 | IN9: 52566 | IO9: 52597 | IP9: 52628 | IQ9: 52657 | IR9: 52688 | IS9: 52718 | IT9: 52749 | IU9: 52779 | IV9: 52810 | IW9: 52841 | IX9: 52871 | IY9: 52902 | IZ9: 52932 | JA9: 52963 | JB9: 52994 | JC9: 53022 | JD9: 53053 | JE9: 53083 | JF9: 53114 | JG9: 53144 | JH9: 53175 | JI9: 53206 | JJ9: 53236 | JK9: 53267 | JL9: 53297 | JM9: 53328 | JN9: 53359 | JO9: 53387 | JP9: 53418 | JQ9: 53448 | JR9: 53479 | JS9: 53509 | JT9: 53540 | JU9: 53571 | JV9: 53601 | JW9: 53632 | JX9: 53662 | JY9: 53693 | JZ9: 53724 | KA9: 53752 | KB9: 53783 | KC9: 53813 | KD9: 53844 | KE9: 53874 | KF9: 53905 | KG9: 53936 | KH9: 53966 | KI9: 53997 | KJ9: 54027 | KK9: 54058 | KL9: 54089 | KM9: 54118 | KN9: 54149 | KO9: 54179 | KP9: 54210
C10: 1 | D10: 2 | E10: 3 | F10: 4 | G10: 5 | H10: 6 | I10: 7 | J10: 8 | K10: 9 | L10: 10 | M10: 11 | N10: 12 | O10: 13 | P10: 14 | Q10: 15 | R10: 16 | S10: 17 | T10: 18 | U10: 19 | V10: 20 | W10: 21 | X10: 22 | Y10: 23 | Z10: 24 | AA10: 25 | AB10: 26 | AC10: 27 | AD10: 28 | AE10: 29 | AF10: 30 | AG10: 31 | AH10: 32 | AI10: 33 | AJ10: 34 | AK10: 35 | AL10: 36 | AM10: 37 | AN10: 38 | AO10: 39 | AP10: 40 | AQ10: 41 | AR10: 42 | AS10: 43 | AT10: 44 | AU10: 45 | AV10: 46 | AW10: 47 | AX10: 48 | AY10: 49 | AZ10: 50 | BA10: 51 | BB10: 52 | BC10: 53 | BD10: 54 | BE10: 55 | BF10: 56 | BG10: 57 | BH10: 58 | BI10: 59 | BJ10: 60 | BK10: 61 | BL10: 62 | BM10: 63 | BN10: 64 | BO10: 65 | BP10: 66 | BQ10: 67 | BR10: 68 | BS10: 69 | BT10: 70 | BU10: 71 | BV10: 72 | BW10: 73 | BX10: 74 | BY10: 75 | BZ10: 76 | CA10: 77 | CB10: 78 | CC10: 79 | CD10: 80 | CE10: 81 | CF10: 82 | CG10: 83 | CH10: 84 | CI10: 85 | CJ10: 86 | CK10: 87 | CL10: 88 | CM10: 89 | CN10: 90 | CO10: 91 | CP10: 92 | CQ10: 93 | CR10: 94 | CS10: 95 | CT10: 96 | CU10: 97 | CV10: 98 | CW10: 99 | CX10: 100 | CY10: 101 | CZ10: 102 | DA10: 103 | DB10: 104 | DC10: 105 | DD10: 106 | DE10: 107 | DF10: 108 | DG10: 109 | DH10: 110 | DI10: 111 | DJ10: 112 | DK10: 113 | DL10: 114 | DM10: 115 | DN10: 116 | DO10: 117 | DP10: 118 | DQ10: 119 | DR10: 120 | DS10: 121 | DT10: 122 | DU10: 123 | DV10: 124 | DW10: 125 | DX10: 126 | DY10: 127 | DZ10: 128 | EA10: 129 | EB10: 130 | EC10: 131 | ED10: 132 | EE10: 133 | EF10: 134 | EG10: 135 | EH10: 136 | EI10: 137 | EJ10: 138 | EK10: 139 | EL10: 140 | EM10: 141 | EN10: 142 | EO10: 143 | EP10: 144 | EQ10: 145 | ER10: 146 | ES10: 147 | ET10: 148 | EU10: 149 | EV10: 150 | EW10: 151 | EX10: 152 | EY10: 153 | EZ10: 154 | FA10: 155 | FB10: 156 | FC10: 157 | FD10: 158 | FE10: 159 | FF10: 160 | FG10: 161 | FH10: 162 | FI10: 163 | FJ10: 164 | FK10: 165 | FL10: 166 | FM10: 167 | FN10: 168 | FO10: 169 | FP10: 170 | FQ10: 171 | FR10: 172 | FS10: 173 | FT10: 174 | FU10: 175 | FV10: 176 | FW10: 177 | FX10: 178 | FY10: 179 | FZ10: 180 | GA10: 181 | GB10: 182 | GC10: 183 | GD10: 184 | GE10: 185 | GF10: 186 | GG10: 187 | GH10: 188 | GI10: 189 | GJ10: 190 | GK10: 191 | GL10: 192 | GM10: 193 | GN10: 194 | GO10: 195 | GP10: 196 | GQ10: 197 | GR10: 198 | GS10: 199 | GT10: 200 | GU10: 201 | GV10: 202 | GW10: 203 | GX10: 204 | GY10: 205 | GZ10: 206 | HA10: 207 | HB10: 208 | HC10: 209 | HD10: 210 | HE10: 211 | HF10: 212 | HG10: 213 | HH10: 214 | HI10: 215 | HJ10: 216 | HK10: 217 | HL10: 218 | HM10: 219 | HN10: 220 | HO10: 221 | HP10: 222 | HQ10: 223 | HR10: 224 | HS10: 225 | HT10: 226 | HU10: 227 | HV10: 228 | HW10: 229 | HX10: 230 | HY10: 231 | HZ10: 232 | IA10: 233 | IB10: 234 | IC10: 235 | ID10: 236 | IE10: 237 | IF10: 238 | IG10: 239 | IH10: 240 | II10: 241 | IJ10: 242 | IK10: 243 | IL10: 244 | IM10: 245 | IN10: 246 | IO10: 247 | IP10: 248 | IQ10: 249 | IR10: 250 | IS10: 251 | IT10: 252 | IU10: 253 | IV10: 254 | IW10: 255 | IX10: 256 | IY10: 257 | IZ10: 258 | JA10: 259 | JB10: 260 | JC10: 261 | JD10: 262 | JE10: 263 | JF10: 264 | JG10: 265 | JH10: 266 | JI10: 267 | JJ10: 268 | JK10: 269 | JL10: 270 | JM10: 271 | JN10: 272 | JO10: 273 | JP10: 274 | JQ10: 275 | JR10: 276 | JS10: 277 | JT10: 278 | JU10: 279 | JV10: 280 | JW10: 281 | JX10: 282 | JY10: 283 | JZ10: 284 | KA10: 285 | KB10: 286 | KC10: 287 | KD10: 288 | KE10: 289 | KF10: 290 | KG10: 291 | KH10: 292 | KI10: 293 | KJ10: 294 | KK10: 295 | KL10: 296 | KM10: 297 | KN10: 298 | KO10: 299 | KP10: 300
A13: INGRESOS | C13: =SUM(C14:C14) -> 1.1467698e+08 | D13: =SUM(D14:D14) -> 1.1554679e+08 | E13: =SUM(E14:E14) -> 1.1641886e+08 | F13: =SUM(F14:F14) -> 1.1729318e+08 | G13: =SUM(G14:G14) -> 1.1816976e+08 | H13: =SUM(H14:H14) -> 1.190486e+08 | I13: =SUM(I14:I14) -> 1.199297e+08 | J13: =SUM(J14:J14) -> 1.2081306e+08 | ... KP13: =SUM(KP14:KP14) -> 4.753678e+08
A14: IMPUESTO DE AP | C14: =+DRIVERS!D69 -> 1.1467698e+08 | D14: =+DRIVERS!E69 -> 1.1554679e+08 | E14: =+DRIVERS!F69 -> 1.1641886e+08 | F14: =+DRIVERS!G69 -> 1.1729318e+08 | G14: =+DRIVERS!H69 -> 1.1816976e+08 | H14: =+DRIVERS!I69 -> 1.190486e+08 | I14: =+DRIVERS!J69 -> 1.199297e+08 | J14: =+DRIVERS!K69 -> 1.2081306e+08 | ... KP14: =+DRIVERS!KQ69 -> 4.753678e+08
N15: =SUM(C14:N14) -> 1.4340279e+09 | Z15: =SUM(O14:Z14) -> 1.5628577e+09 | AL15: =SUM(AA14:AL14) -> 1.6955901e+09 | AX15: =SUM(AM14:AX14) -> 1.8322252e+09 | BJ15: =SUM(AY14:BJ14) -> 1.972763e+09 | BV15: =SUM(BK14:BV14) -> 2.1172035e+09 | CH15: =SUM(BW14:CH14) -> 2.2655466e+09 | CT15: =SUM(CI14:CT14) -> 2.4177925e+09 | DF15: =SUM(CU14:DF14) -> 2.573941e+09 | DR15: =SUM(DG14:DR14) -> 2.7339922e+09 | DS15: =SUM(DH14:DS14) -> 2.747506e+09 | DT15: =SUM(DI14:DT14) -> 2.7610469e+09 | DU15: =SUM(DJ14:DU14) -> 2.7746148e+09 | DV15: =SUM(DK14:DV14) -> 2.7882099e+09 | DW15: =SUM(DL14:DW14) -> 2.8018321e+09 | DX15: =SUM(DM14:DX14) -> 2.8154813e+09 | DY15: =SUM(DN14:DY14) -> 2.8291577e+09 | ... IH15: =SUM(HW14:IH14) -> 4.5491522e+09
A16: EGRESOS
A17: ENERGÍA | C17: =+ENERGIA!C18 -> 26594933 | D17: =+ENERGIA!D18 -> 26745760 | E17: =+ENERGIA!E18 -> 26896588 | F17: =+ENERGIA!F18 -> 27047416 | G17: =+ENERGIA!G18 -> 27198244 | H17: =+ENERGIA!H18 -> 20536532 | I17: =+ENERGIA!I18 -> 20670950 | J17: =+ENERGIA!J18 -> 20816239 | ... KP17: =+ENERGIA!KP18 -> 83900350
A18: INTERVENTORIA | B18: 0.09 | C18: =+C14*$B$18*1.19 -> 12281905 | D18: =+D14*$B$18*1.19 -> 12375061 | E18: =+E14*$B$18*1.19 -> 12468459 | F18: =+F14*$B$18*1.19 -> 12562100 | G18: =+G14*$B$18*1.19 -> 12655982 | H18: =+H14*$B$18*1.19 -> 12750105 | I18: =+I14*$B$18*1.19 -> 12844471 | J18: =+J14*$B$18*1.19 -> 12939079 | ... KP18: =+KP14*$B$18*1.19 -> 50911891
A19: FIDUCIA | C19: =1160000*2 -> 2320000 | D19: =+C19*(1+$C$5) -> 2333707.3 | E19: =+D19*(1+$C$5) -> 2347495.7 | F19: =+E19*(1+$C$5) -> 2361365.4 | G19: =+F19*(1+$C$5) -> 2375317.2 | H19: =+G19*(1+$C$5) -> 2389351.3 | I19: =+H19*(1+$C$5) -> 2403468.4 | J19: =+I19*(1+$C$5) -> 2417668.9 | K19: =+J19*(1+$C$5) -> 2431953.3 | ... KP19: =+KO19*(1+$C$5) -> 13503657
A20: TOTAL EGRESOS | C20: =SUM(C17:C19) -> 41196838 | D20: =SUM(D17:D19) -> 41454529 | E20: =SUM(E17:E19) -> 41712543 | F20: =SUM(F17:F19) -> 41970881 | G20: =SUM(G17:G19) -> 42229542 | H20: =SUM(H17:H19) -> 35675988 | I20: =SUM(I17:I19) -> 35918890 | J20: =SUM(J17:J19) -> 36172987 | ... KP20: =SUM(KP17:KP19) -> 1.483159e+08
A22: PAGOS OPERADOR
A23: CAOM | C23: =+AOM!C88*DRIVERS!D64 -> 11271275 | D23: =+AOM!D88*DRIVERS!E64 -> 11334831 | E23: =+AOM!E88*DRIVERS!F64 -> 11398382 | F23: =+AOM!F88*DRIVERS!G64 -> 11461930 | G23: =+AOM!G88*DRIVERS!H64 -> 11525473 | H23: =+AOM!H88*DRIVERS!I64 -> 30188755 | I23: =+AOM!I88*DRIVERS!J64 -> 30386315 | J23: =+AOM!J88*DRIVERS!K64 -> 30605315 | ... KP23: =+AOM!KP88*DRIVERS!KQ64 -> 1.2816558e+08
A24: COSTOS AMBIENTALES | B24: 0.05 | C24: =+C23*$B$24 -> 563563.76 | D24: =+D23*$B$24 -> 566741.55 | E24: =+E23*$B$24 -> 569919.12 | F24: =+F23*$B$24 -> 573096.49 | G24: =+G23*$B$24 -> 576273.65 | H24: =+H23*$B$24 -> 1509437.8 | I24: =+I23*$B$24 -> 1519315.8 | J24: =+J23*$B$24 -> 1530265.8 | ... KP24: =+KP23*$B$24 -> 6408279.2
A25: CINV | C25: =+INV.!C78*DRIVERS!D64 -> 745287.44 | D25: =+INV.!D78*DRIVERS!E64 -> 749514.19 | E25: =+INV.!E78*DRIVERS!F64 -> 753740.93 | F25: =+INV.!F78*DRIVERS!G64 -> 757967.68 | G25: =+INV.!G78*DRIVERS!H64 -> 35791820 | H25: =+INV.!H78*DRIVERS!I64 -> 37210998 | I25: =+INV.!I78*DRIVERS!J64 -> 37416037 | J25: =+INV.!J78*DRIVERS!K64 -> 37624850 | ... KP25: =+INV.!KP78*DRIVERS!KQ64 -> 1.0078874e+08
A26: TOTAL OPERADOR | C26: =SUM(C23:C25) -> 12580126 | D26: =SUM(D23:D25) -> 12651087 | E26: =SUM(E23:E25) -> 12722042 | F26: =SUM(F23:F25) -> 12792994 | G26: =SUM(G23:G25) -> 47893567 | H26: =SUM(H23:H25) -> 68909191 | I26: =SUM(I23:I25) -> 69321669 | J26: =SUM(J23:J25) -> 69760431 | ... KP26: =SUM(KP23:KP25) -> 2.353626e+08
A28: REMANENTE MENSUAL IAP (EXP-NAV-ORNAM-SMC) | C28: =+C14-C20-C26 -> 60900018 | D28: =+D14-D20-D26 -> 61441174 | E28: =+E14-E20-E26 -> 61984270 | F28: =+F14-F20-F26 -> 62529305 | G28: =+G14-G20-G26 -> 28046654 | H28: =+H14-H20-H26 -> 14463425 | I28: =+I14-I20-I26 -> 14689146 | J28: =+J14-J20-J26 -> 14879644 | ... KP28: =+KP14-KP20-KP26 -> 91689298
A29: REMANENTE ACUMULADO | C29: =+C28 -> 60900018 | D29: =+C29+D28 -> 1.2234119e+08 | E29: =+D29+E28 -> 1.8432546e+08 | F29: =+E29+F28 -> 2.4685477e+08 | G29: =+F29+G28 -> 2.7490142e+08 | H29: =+G29+H28 -> 2.8936484e+08 | I29: =+H29+I28 -> 3.0405399e+08 | J29: =+I29+J28 -> 3.1893363e+08 | K29: =+J29+K28 -> 3.3400472e+08 | ... KP29: =+KO29+KP28 -> 1.5374051e+10

Sheet ENERGIA
A1: MUNICIPIO DE URRAO - ANTIOQUIA | C1: PROMEDIO | D1: 2017 | E1: 2018 | F1: 2019
A2: MODELO CREG 101-013 DE 2022 | B2: IPP | C2: =+DRIVERS!B21 -> 0.068055556 | D2: =+DRIVERS!B18 -> 0.0165 | E2: =+DRIVERS!B19 -> 0.1871 | F2: =+DRIVERS!B20 -> 0.2276
A3: COSTO POR EL SUMINISTRO DE ENERGÍA ELÉCTRICA DESTINADA AL SERVICIO DE ALUMBRADO PÚBLICO
C4: 1 | D4: 2 | E4: 3 | F4: 4 | G4: 5 | H4: 6 | I4: 7 | J4: 8 | K4: 9 | L4: 10 | M4: 11 | N4: 12 | O4: 13 | P4: 14 | Q4: 15 | R4: 16 | S4: 17 | T4: 18 | U4: 19 | V4: 20 | W4: 21 | X4: 22 | Y4: 23 | Z4: 24 | AA4: 25 | AB4: 26 | AC4: 27 | AD4: 28 | AE4: 29 | AF4: 30 | AG4: 31 | AH4: 32 | AI4: 33 | AJ4: 34 | AK4: 35 | AL4: 36 | AM4: 37 | AN4: 38 | AO4: 39 | AP4: 40 | AQ4: 41 | AR4: 42 | AS4: 43 | AT4: 44 | AU4: 45 | AV4: 46 | AW4: 47 | AX4: 48 | AY4: 49 | AZ4: 50 | BA4: 51 | BB4: 52 | BC4: 53 | BD4: 54 | BE4: 55 | BF4: 56 | BG4: 57 | BH4: 58 | BI4: 59 | BJ4: 60 | BK4: 61 | BL4: 62 | BM4: 63 | BN4: 64 | BO4: 65 | BP4: 66 | BQ4: 67 | BR4: 68 | BS4: 69 | BT4: 70 | BU4: 71 | BV4: 72 | BW4: 73 | BX4: 74 | BY4: 75 | BZ4: 76 | CA4: 77 | CB4: 78 | CC4: 79 | CD4: 80 | CE4: 81 | CF4: 82 | CG4: 83 | CH4: 84 | CI4: 85 | CJ4: 86 | CK4: 87 | CL4: 88 | CM4: 89 | CN4: 90 | CO4: 91 | CP4: 92 | CQ4: 93 | CR4: 94 | CS4: 95 | CT4: 96 | CU4: 97 | CV4: 98 | CW4: 99 | CX4: 100 | CY4: 101 | CZ4: 102 | DA4: 103 | DB4: 104 | DC4: 105 | DD4: 106 | DE4: 107 | DF4: 108 | DG4: 109 | DH4: 110 | DI4: 111 | DJ4: 112 | DK4: 113 | DL4: 114 | DM4: 115 | DN4: 116 | DO4: 117 | DP4: 118 | DQ4: 119 | DR4: 120 | DS4: 121 | DT4: 122 | DU4: 123 | DV4: 124 | DW4: 125 | DX4: 126 | DY4: 127 | DZ4: 128 | EA4: 129 | EB4: 130 | EC4: 131 | ED4: 132 | EE4: 133 | EF4: 134 | EG4: 135 | EH4: 136 | EI4: 137 | EJ4: 138 | EK4: 139 | EL4: 140 | EM4: 141 | EN4: 142 | EO4: 143 | EP4: 144 | EQ4: 145 | ER4: 146 | ES4: 147 | ET4: 148 | EU4: 149 | EV4: 150 | EW4: 151 | EX4: 152 | EY4: 153 | EZ4: 154 | FA4: 155 | FB4: 156 | FC4: 157 | FD4: 158 | FE4: 159 | FF4: 160 | FG4: 161 | FH4: 162 | FI4: 163 | FJ4: 164 | FK4: 165 | FL4: 166 | FM4: 167 | FN4: 168 | FO4: 169 | FP4: 170 | FQ4: 171 | FR4: 172 | FS4: 173 | FT4: 174 | FU4: 175 | FV4: 176 | FW4: 177 | FX4: 178 | FY4: 179 | FZ4: 180 | GA4: 181 | GB4: 182 | GC4: 183 | GD4: 184 | GE4: 185 | GF4: 186 | GG4: 187 | GH4: 188 | GI4: 189 | GJ4: 190 | GK4: 191 | GL4: 192 | GM4: 193 | GN4: 194 | GO4: 195 | GP4: 196 | GQ4: 197 | GR4: 198 | GS4: 199 | GT4: 200 | GU4: 201 | GV4: 202 | GW4: 203 | GX4: 204 | GY4: 205 | GZ4: 206 | HA4: 207 | HB4: 208 | HC4: 209 | HD4: 210 | HE4: 211 | HF4: 212 | HG4: 213 | HH4: 214 | HI4: 215 | HJ4: 216 | HK4: 217 | HL4: 218 | HM4: 219 | HN4: 220 | HO4: 221 | HP4: 222 | HQ4: 223 | HR4: 224 | HS4: 225 | HT4: 226 | HU4: 227 | HV4: 228 | HW4: 229 | HX4: 230 | HY4: 231 | HZ4: 232 | IA4: 233 | IB4: 234 | IC4: 235 | ID4: 236 | IE4: 237 | IF4: 238 | IG4: 239 | IH4: 240 | II4: 241 | IJ4: 242 | IK4: 243 | IL4: 244 | IM4: 245 | IN4: 246 | IO4: 247 | IP4: 248 | IQ4: 249 | IR4: 250 | IS4: 251 | IT4: 252 | IU4: 253 | IV4: 254 | IW4: 255 | IX4: 256 | IY4: 257 | IZ4: 258 | JA4: 259 | JB4: 260 | JC4: 261 | JD4: 262 | JE4: 263 | JF4: 264 | JG4: 265 | JH4: 266 | JI4: 267 | JJ4: 268 | JK4: 269 | JL4: 270 | JM4: 271 | JN4: 272 | JO4: 273 | JP4: 274 | JQ4: 275 | JR4: 276 | JS4: 277 | JT4: 278 | JU4: 279 | JV4: 280 | JW4: 281 | JX4: 282 | JY4: 283 | JZ4: 284 | KA4: 285 | KB4: 286 | KC4: 287 | KD4: 288 | KE4: 289 | KF4: 290 | KG4: 291 | KH4: 292 | KI4: 293 | KJ4: 294 | KK4: 295 | KL4: 296 | KM4: 297 | KN4: 298 | KO4: 299 | KP4: 300
A5: CALCULO ENERGÍA (Q*T*DPF)
A6: LUMINARIA NA 70W | B6: kWh | C6: =+(C21*C34*12*30)/1000 -> 24815.16 | D6: =+(D21*D34*12*30)/1000 -> 24815.16 | E6: =+(E21*E34*12*30)/1000 -> 24815.16 | F6: =+(F21*F34*12*30)/1000 -> 24815.16 | G6: =+(G21*G34*12*30)/1000 -> 24815.16 | H6: =+(H21*H34*12*30)/1000 -> 0 | I6: =+(I21*I34*12*30)/1000 -> 0 | J6: =+(J21*J34*12*30)/1000 -> 0 | ... KP6: =+(KP21*KP34*12*30)/1000 -> 0
A7: LUMINARIA NA 150W | B7: kWh | C7: =+(C22*C35*12*30)/1000 -> 12289.68 | D7: =+(D22*D35*12*30)/1000 -> 12289.68 | E7: =+(E22*E35*12*30)/1000 -> 12289.68 | F7: =+(F22*F35*12*30)/1000 -> 12289.68 | G7: =+(G22*G35*12*30)/1000 -> 12289.68 | H7: =+(H22*H35*12*30)/1000 -> 0 | I7: =+(I22*I35*12*30)/1000 -> 0 | J7: =+(J22*J35*12*30)/1000 -> 0 | ... KP7: =+(KP22*KP35*12*30)/1000 -> 0
A8: LUMINARIA NA 250W | B8: kWh | C8: =+(C23*C36*12*30)/1000 -> 0 | D8: =+(D23*D36*12*30)/1000 -> 0 | E8: =+(E23*E36*12*30)/1000 -> 0 | F8: =+(F23*F36*12*30)/1000 -> 0 | G8: =+(G23*G36*12*30)/1000 -> 0 | H8: =+(H23*H36*12*30)/1000 -> 0 | I8: =+(I23*I36*12*30)/1000 -> 0 | J8: =+(J23*J36*12*30)/1000 -> 0 | ... KP8: =+(KP23*KP36*12*30)/1000 -> 0
A9: LUMINARIA NA 400W | B9: kWh | C9: =+(C24*C37*12*30)/1000 -> 0 | D9: =+(D24*D37*12*30)/1000 -> 0 | E9: =+(E24*E37*12*30)/1000 -> 0 | F9: =+(F24*F37*12*30)/1000 -> 0 | G9: =+(G24*G37*12*30)/1000 -> 0 | H9: =+(H24*H37*12*30)/1000 -> 0 | I9: =+(I24*I37*12*30)/1000 -> 0 | J9: =+(J24*J37*12*30)/1000 -> 0 | ... KP9: =+(KP24*KP37*12*30)/1000 -> 0
A10: LUMINARIA LED 20-60W | B10: kWh | C10: =+(C25*C38*12*30)/1000 -> 777.6 | D10: =+(D25*D38*12*30)/1000 -> 777.6 | E10: =+(E25*E38*12*30)/1000 -> 777.6 | F10: =+(F25*F38*12*30)/1000 -> 777.6 | G10: =+(G25*G38*12*30)/1000 -> 777.6 | H10: =+(H25*H38*12*30)/1000 -> 21043.8 | I10: =+(I25*I38*12*30)/1000 -> 21076.2 | J10: =+(J25*J38*12*30)/1000 -> 21124.8 | ... KP10: =+(KP25*KP38*12*30)/1000 -> 38701.8
A11: LUMINARIA LED 60-80W | B11: kWh | C11: =+(C26*C39*12*30)/1000 -> 2494.8 | D11: =+(D26*D39*12*30)/1000 -> 2494.8 | E11: =+(E26*E39*12*30)/1000 -> 2494.8 | F11: =+(F26*F39*12*30)/1000 -> 2494.8 | G11: =+(G26*G39*12*30)/1000 -> 2494.8 | H11: =+(H26*H39*12*30)/1000 -> 8845.2 | I11: =+(I26*I39*12*30)/1000 -> 8845.2 | J11: =+(J26*J39*12*30)/1000 -> 8845.2 | ... KP11: =+(KP26*KP39*12*30)/1000 -> 8845.2
A12: LUMINARIA LED 80-120W | B12: kWh | C12: =+(C27*C40*12*30)/1000 -> 1008 | D12: =+(D27*D40*12*30)/1000 -> 1008 | E12: =+(E27*E40*12*30)/1000 -> 1008 | F12: =+(F27*F40*12*30)/1000 -> 1008 | G12: =+(G27*G40*12*30)/1000 -> 1008 | H12: =+(H27*H40*12*30)/1000 -> 1008 | I12: =+(I27*I40*12*30)/1000 -> 1008 | J12: =+(J27*J40*12*30)/1000 -> 1008 | ... KP12: =+(KP27*KP40*12*30)/1000 -> 1008
A13: LUMINARIA LED 120-160W | B13: kWh | C13: =+(C28*C41*12*30)/1000 -> 0 | D13: =+(D28*D41*12*30)/1000 -> 0 | E13: =+(E28*E41*12*30)/1000 -> 0 | F13: =+(F28*F41*12*30)/1000 -> 0 | G13: =+(G28*G41*12*30)/1000 -> 0 | H13: =+(H28*H41*12*30)/1000 -> 0 | I13: =+(I28*I41*12*30)/1000 -> 0 | J13: =+(J28*J41*12*30)/1000 -> 0 | ... KP13: =+(KP28*KP41*12*30)/1000 -> 0
A14: LUMINARIA LED 160-300W | B14: kWh | C14: =+(C29*C42*12*30)/1000 -> 720 | D14: =+(D29*D42*12*30)/1000 -> 720 | E14: =+(E29*E42*12*30)/1000 -> 720 | F14: =+(F29*F42*12*30)/1000 -> 720 | G14: =+(G29*G42*12*30)/1000 -> 720 | H14: =+(H29*H42*12*30)/1000 -> 720 | I14: =+(I29*I42*12*30)/1000 -> 720 | J14: =+(J29*J42*12*30)/1000 -> 720 | ... KP14: =+(KP29*KP42*12*30)/1000 -> 720
A15: LUMINARIA LED 20-80W SOLAR | B15: kWh | C15: =+(C30*C43*12*30)/1000 -> 0 | D15: =+(D30*D43*12*30)/1000 -> 0 | E15: =+(E30*E43*12*30)/1000 -> 0 | F15: =+(F30*F43*12*30)/1000 -> 0 | G15: =+(G30*G43*12*30)/1000 -> 0 | H15: =+(H30*H43*12*30)/1000 -> 0 | I15: =+(I30*I43*12*30)/1000 -> 0 | J15: =+(J30*J43*12*30)/1000 -> 0 | ... KP15: =+(KP30*KP43*12*30)/1000 -> 0
A16: TOTAL (CEEn) | B16: kWh | C16: =SUM(C6:C15) -> 42105.24 | D16: =SUM(D6:D15) -> 42105.24 | E16: =SUM(E6:E15) -> 42105.24 | F16: =SUM(F6:F15) -> 42105.24 | G16: =SUM(G6:G15) -> 42105.24 | H16: =SUM(H6:H15) -> 31617 | I16: =SUM(I6:I15) -> 31649.4 | J16: =SUM(J6:J15) -> 31698 | ... KP16: =SUM(KP6:KP15) -> 49275
A17: PRECIO (TEEn) | B17: $/kWh | C17: =+DRIVERS!D61 -> 631.63 | D17: =+DRIVERS!E61 -> 635.21216 | E17: =+DRIVERS!F61 -> 638.79432 | F17: =+DRIVERS!G61 -> 642.37648 | G17: =+DRIVERS!H61 -> 645.95864 | H17: =+DRIVERS!I61 -> 649.5408 | I17: =+DRIVERS!J61 -> 653.12297 | J17: =+DRIVERS!K61 -> 656.70513 | ... KP17: =+DRIVERS!KQ61 -> 1702.6961
A18: FACTURA ENERGÍA (CSEE) | C18: =+C17*C16 -> 26594933 | D18: =+D17*D16 -> 26745760 | E18: =+E17*E16 -> 26896588 | F18: =+F17*F16 -> 27047416 | G18: =+G17*G16 -> 27198244 | H18: =+H17*H16 -> 20536532 | I18: =+I17*I16 -> 20670950 | J18: =+J17*J16 -> 20816239 | ... KP18: =+KP17*KP16 -> 83900350
A20: INVENTARIO
A21: LUMINARIA NA 70W | B21: UNID. | C21: =+DRIVERS!B4 -> 851 | D21: =+C21+C60-C48 -> 851 | E21: =+D21+D60-D48 -> 851 | F21: =+E21+E60-E48 -> 851 | G21: =+F21+F60-F48 -> 851 | H21: =+G21+G60-G48 -> 0 | I21: =+H21+H60-H48 -> 0 | J21: =+I21+I60-I48 -> 0 | K21: =+J21+J60-J48 -> 0 | ... KP21: =+KO21+KO60-KO48 -> 0
A22: LUMINARIA NA 150W | B22: UNID. | C22: =+DRIVERS!B5 -> 202 | D22: =+C22+C61-C49 -> 202 | E22: =+D22+D61-D49 -> 202 | F22: =+E22+E61-E49 -> 202 | G22: =+F22+F61-F49 -> 202 | H22: =+G22+G61-G49 -> 0 | I22: =+H22+H61-H49 -> 0 | J22: =+I22+I61-I49 -> 0 | K22: =+J22+J61-J49 -> 0 | ... KP22: =+KO22+KO61-KO49 -> 0
A23: LUMINARIA NA 250W | B23: UNID. | C23: =+DRIVERS!B6 -> 0 | D23: =+C23+C62-C50 -> 0 | E23: =+D23+D62-D50 -> 0 | F23: =+E23+E62-E50 -> 0 | G23: =+F23+F62-F50 -> 0 | H23: =+G23+G62-G50 -> 0 | I23: =+H23+H62-H50 -> 0 | J23: =+I23+I62-I50 -> 0 | K23: =+J23+J62-J50 -> 0 | ... KP23: =+KO23+KO62-KO50 -> 0
A24: LUMINARIA NA 400W | B24: UNID. | C24: =+DRIVERS!B7 -> 0 | D24: =+C24+C63-C51 -> 0 | E24: =+D24+D63-D51 -> 0 | F24: =+E24+E63-E51 -> 0 | G24: =+F24+F63-F51 -> 0 | H24: =+G24+G63-G51 -> 0 | I24: =+H24+H63-H51 -> 0 | J24: =+I24+I63-I51 -> 0 | K24: =+J24+J63-J51 -> 0 | ... KP24: =+KO24+KO63-KO51 -> 0
A25: LUMINARIA LED 20-60W | B25: UNID. | C25: =+DRIVERS!B8 -> 48 | D25: =+C25+C64-C52 -> 48 | E25: =+D25+D64-D52 -> 48 | F25: =+E25+E64-E52 -> 48 | G25: =+F25+F64-F52 -> 48 | H25: =+G25+G64-G52 -> 1299 | I25: =+H25+H64-H52 -> 1301 | J25: =+I25+I64-I52 -> 1304 | K25: =+J25+J64-J52 -> 1307 | ... KP25: =+KO25+KO64-KO52 -> 2389
A26: LUMINARIA LED 60-80W | B26: UNID. | C26: =+DRIVERS!B9 -> 99 | D26: =+C26+C65-C53 -> 99 | E26: =+D26+D65-D53 -> 99 | F26: =+E26+E65-E53 -> 99 | G26: =+F26+F65-F53 -> 99 | H26: =+G26+G65-G53 -> 351 | I26: =+H26+H65-H53 -> 351 | J26: =+I26+I65-I53 -> 351 | K26: =+J26+J65-J53 -> 351 | ... KP26: =+KO26+KO65-KO53 -> 351
A27: LUMINARIA LED 80-120W | B27: UNID. | C27: =+DRIVERS!B10 -> 28 | D27: =+C27+C66-C54 -> 28 | E27: =+D27+D66-D54 -> 28 | F27: =+E27+E66-E54 -> 28 | G27: =+F27+F66-F54 -> 28 | H27: =+G27+G66-G54 -> 28 | I27: =+H27+H66-H54 -> 28 | J27: =+I27+I66-I54 -> 28 | K27: =+J27+J66-J54 -> 28 | ... KP27: =+KO27+KO66-KO54 -> 28
A28: LUMINARIA LED 120-160W | B28: UNID. | C28: =+DRIVERS!B11 -> 0 | D28: =+C28+C67-C55 -> 0 | E28: =+D28+D67-D55 -> 0 | F28: =+E28+E67-E55 -> 0 | G28: =+F28+F67-F55 -> 0 | H28: =+G28+G67-G55 -> 0 | I28: =+H28+H67-H55 -> 0 | J28: =+I28+I67-I55 -> 0 | K28: =+J28+J67-J55 -> 0 | ... KP28: =+KO28+KO67-KO55 -> 0
A29: LUMINARIA LED 160-300W | B29: UNID. | C29: =+DRIVERS!B12 -> 10 | D29: =+C29+C68-C56 -> 10 | E29: =+D29+D68-D56 -> 10 | F29: =+E29+E68-E56 -> 10 | G29: =+F29+F68-F56 -> 10 | H29: =+G29+G68-G56 -> 10 | I29: =+H29+H68-H56 -> 10 | J29: =+I29+I68-I56 -> 10 | K29: =+J29+J68-J56 -> 10 | ... KP29: =+KO29+KO68-KO56 -> 10
A30: LUMINARIA LED 20-80W SOLAR | B30: UNID. | C30: =+DRIVERS!B13 -> 0 | D30: =+C30+C69-C57 -> 0 | E30: =+D30+D69-D57 -> 0 | F30: =+E30+E69-E57 -> 0 | G30: =+F30+F69-F57 -> 0 | H30: =+G30+G69-G57 -> 0 | I30: =+H30+H69-H57 -> 0 | J30: =+I30+I69-I57 -> 0 | K30: =+J30+J69-J57 -> 0 | ... KP30: =+KO30+KO69-KO57 -> 0
C31: =SUM(C21:C30) -> 1238 | D31: =SUM(D21:D30) -> 1238 | E31: =SUM(E21:E30) -> 1238 | F31: =SUM(F21:F30) -> 1238 | G31: =SUM(G21:G30) -> 1238 | H31: =SUM(H21:H30) -> 1688 | I31: =SUM(I21:I30) -> 1690 | J31: =SUM(J21:J30) -> 1693 | ... KP31: =SUM(KP21:KP30) -> 2778
A33: POTENCIA EFECTIVA (Q)
A34: LUMINARIA NA 70W | B34: W / UNID. | C34: 81 | D34: =+C34 -> 81 | E34: =+D34 -> 81 | F34: =+E34 -> 81 | G34: =+F34 -> 81 | H34: =+G34 -> 81 | I34: =+H34 -> 81 | J34: =+I34 -> 81 | K34: =+J34 -> 81 | ... KP34: =+KO34 -> 81
A35: LUMINARIA NA 150W | B35: W / UNID. | C35: 169 | D35: =+C35 -> 169 | E35: =+D35 -> 169 | F35: =+E35 -> 169 | G35: =+F35 -> 169 | H35: =+G35 -> 169 | I35: =+H35 -> 169 | J35: =+I35 -> 169 | K35: =+J35 -> 169 | ... KP35: =+KO35 -> 169
A36: LUMINARIA NA 250W | B36: W / UNID. | C36: 271 | D36: =+C36 -> 271 | E36: =+D36 -> 271 | F36: =+E36 -> 271 | G36: =+F36 -> 271 | H36: =+G36 -> 271 | I36: =+H36 -> 271 | J36: =+I36 -> 271 | K36: =+J36 -> 271 | ... KP36: =+KO36 -> 271
A37: LUMINARIA NA 400W | B37: W / UNID. | C37: 440 | D37: =+C37 -> 440 | E37: =+D37 -> 440 | F37: =+E37 -> 440 | G37: =+F37 -> 440 | H37: =+G37 -> 440 | I37: =+H37 -> 440 | J37: =+I37 -> 440 | K37: =+J37 -> 440 | ... KP37: =+KO37 -> 440
A38: LUMINARIA LED 20-60W | B38: W / UNID. | C38: 45 | D38: =+C38 -> 45 | E38: =+D38 -> 45 | F38: =+E38 -> 45 | G38: =+F38 -> 45 | H38: =+G38 -> 45 | I38: =+H38 -> 45 | J38: =+I38 -> 45 | K38: =+J38 -> 45 | ... KP38: =+KO38 -> 45
A39: LUMINARIA LED 60-80W | B39: W / UNID. | C39: 70 | D39: =+C39 -> 70 | E39: =+D39 -> 70 | F39: =+E39 -> 70 | G39: =+F39 -> 70 | H39: =+G39 -> 70 | I39: =+H39 -> 70 | J39: =+I39 -> 70 | K39: =+J39 -> 70 | ... KP39: =+KO39 -> 70
A40: LUMINARIA LED 80-120W | B40: W / UNID. | C40: 100 | D40: =+C40 -> 100 | E40: =+D40 -> 100 | F40: =+E40 -> 100 | G40: =+F40 -> 100 | H40: =+G40 -> 100 | I40: =+H40 -> 100 | J40: =+I40 -> 100 | K40: =+J40 -> 100 | ... KP40: =+KO40 -> 100
A41: LUMINARIA LED 120-160W | B41: W / UNID. | C41: 140 | D41: =+C41 -> 140 | E41: =+D41 -> 140 | F41: =+E41 -> 140 | G41: =+F41 -> 140 | H41: =+G41 -> 140 | I41: =+H41 -> 140 | J41: =+I41 -> 140 | K41: =+J41 -> 140 | ... KP41: =+KO41 -> 140
A42: LUMINARIA LED 160-300W | B42: W / UNID. | C42: 200 | D42: =+C42 -> 200 | E42: =+D42 -> 200 | F42: =+E42 -> 200 | G42: =+F42 -> 200 | H42: =+G42 -> 200 | I42: =+H42 -> 200 | J42: =+I42 -> 200 | K42: =+J42 -> 200 | ... KP42: =+KO42 -> 200
A43: LUMINARIA LED 20-80W SOLAR | B43: W / UNID. | C43: 0 | D43: =+C43 -> 0 | E43: =+D43 -> 0 | F43: =+E43 -> 0 | G43: =+F43 -> 0 | H43: =+G43 -> 0 | I43: =+H43 -> 0 | J43: =+I43 -> 0 | K43: =+J43 -> 0 | ... KP43: =+KO43 -> 0
A45: BALANCE INVENTARIO
A47: SALIDAS
A48: LUMINARIA NA 70W | G48: =+C21 -> 851
A49: LUMINARIA NA 150W | G49: =+C22 -> 202
A50: LUMINARIA NA 250W
A51: LUMINARIA NA 400W
A52: LUMINARIA LED 20-60W
A53: LUMINARIA LED 60-80W
A54: LUMINARIA LED 80-120W
A55: LUMINARIA LED 120-160W
A56: LUMINARIA LED 160-300W
A57: LUMINARIA LED 20-80W SOLAR | B57: MENSUAL
A58: CRECIMIENTO | B58: =DRIVERS!B23/12 -> 0.0015 | G58: =+ROUNDUP(F31*$B$58,0) -> 2 | H58: =+ROUNDUP(G31*$B$58,0) -> 2 | I58: =+ROUNDUP(H31*$B$58,0) -> 3 | J58: =+ROUNDUP(I31*$B$58,0) -> 3 | K58: =+ROUNDUP(J31*$B$58,0) -> 3 | L58: =+ROUNDUP(K31*$B$58,0) -> 3 | M58: =+ROUNDUP(L31*$B$58,0) -> 3 | N58: =+ROUNDUP(M31*$B$58,0) -> 3 | ... KP58: =+ROUNDUP(KO31*$B$58,0) -> 5
A59: ENTRADAS
A60: LUMINARIA NA 70W
A61: LUMINARIA NA 150W
A62: LUMINARIA NA 250W
A63: LUMINARIA NA 400W
A64: LUMINARIA LED 20-60W | G64: =+G48+400 -> 1251 | H64: =+H58 -> 2 | I64: =+I58 -> 3 | J64: =+J58 -> 3 | K64: =+K58 -> 3 | L64: =+L58 -> 3 | M64: =+M58 -> 3 | N64: =+N58 -> 3 | O64: =+O58 -> 3 | ... KP64: =+KP58 -> 5
A65: LUMINARIA LED 60-80W | G65: =+G49+50 -> 252
A66: LUMINARIA LED 80-120W
A67: LUMINARIA LED 120-160W
A68: LUMINARIA LED 160-300W
A69: LUMINARIA LED 20-80W SOLAR

Sheet AOM
A1: MUNICIPIO DE URRAO - ANTIOQUIA
A2: MODELO CREG 101-013 DE 2022
B3: PROM.
A4: IPP | B4: =+DRIVERS!B21 -> 0.068055556
A5: IPC | B5: =+DRIVERS!B28 -> 0.0709
A8: COSTO MÁXIMO DE LA ACTIVIDAD DE ADMINISTRACIÓN, OPERACIÓN Y MANTENIMIENTO DEL SISTEMA DE ALUMBRADO PÚBLICO
C10: 1 | D10: 2 | E10: 3 | F10: 4 | G10: 5 | H10: 6 | I10: 7 | J10: 8 | K10: 9 | L10: 10 | M10: 11 | N10: 12 | O10: 13 | P10: 14 | Q10: 15 | R10: 16 | S10: 17 | T10: 18 | U10: 19 | V10: 20 | W10: 21 | X10: 22 | Y10: 23 | Z10: 24 | AA10: 25 | AB10: 26 | AC10: 27 | AD10: 28 | AE10: 29 | AF10: 30 | AG10: 31 | AH10: 32 | AI10: 33 | AJ10: 34 | AK10: 35 | AL10: 36 | AM10: 37 | AN10: 38 | AO10: 39 | AP10: 40 | AQ10: 41 | AR10: 42 | AS10: 43 | AT10: 44 | AU10: 45 | AV10: 46 | AW10: 47 | AX10: 48 | AY10: 49 | AZ10: 50 | BA10: 51 | BB10: 52 | BC10: 53 | BD10: 54 | BE10: 55 | BF10: 56 | BG10: 57 | BH10: 58 | BI10: 59 | BJ10: 60 | BK10: 61 | BL10: 62 | BM10: 63 | BN10: 64 | BO10: 65 | BP10: 66 | BQ10: 67 | BR10: 68 | BS10: 69 | BT10: 70 | BU10: 71 | BV10: 72 | BW10: 73 | BX10: 74 | BY10: 75 | BZ10: 76 | CA10: 77 | CB10: 78 | CC10: 79 | CD10: 80 | CE10: 81 | CF10: 82 | CG10: 83 | CH10: 84 | CI10: 85 | CJ10: 86 | CK10: 87 | CL10: 88 | CM10: 89 | CN10: 90 | CO10: 91 | CP10: 92 | CQ10: 93 | CR10: 94 | CS10: 95 | CT10: 96 | CU10: 97 | CV10: 98 | CW10: 99 | CX10: 100 | CY10: 101 | CZ10: 102 | DA10: 103 | DB10: 104 | DC10: 105 | DD10: 106 | DE10: 107 | DF10: 108 | DG10: 109 | DH10: 110 | DI10: 111 | DJ10: 112 | DK10: 113 | DL10: 114 | DM10: 115 | DN10: 116 | DO10: 117 | DP10: 118 | DQ10: 119 | DR10: 120 | DS10: 121 | DT10: 122 | DU10: 123 | DV10: 124 | DW10: 125 | DX10: 126 | DY10: 127 | DZ10: 128 | EA10: 129 | EB10: 130 | EC10: 131 | ED10: 132 | EE10: 133 | EF10: 134 | EG10: 135 | EH10: 136 | EI10: 137 | EJ10: 138 | EK10: 139 | EL10: 140 | EM10: 141 | EN10: 142 | EO10: 143 | EP10: 144 | EQ10: 145 | ER10: 146 | ES10: 147 | ET10: 148 | EU10: 149 | EV10: 150 | EW10: 151 | EX10: 152 | EY10: 153 | EZ10: 154 | FA10: 155 | FB10: 156 | FC10: 157 | FD10: 158 | FE10: 159 | FF10: 160 | FG10: 161 | FH10: 162 | FI10: 163 | FJ10: 164 | FK10: 165 | FL10: 166 | FM10: 167 | FN10: 168 | FO10: 169 | FP10: 170 | FQ10: 171 | FR10: 172 | FS10: 173 | FT10: 174 | FU10: 175 | FV10: 176 | FW10: 177 | FX10: 178 | FY10: 179 | FZ10: 180 | GA10: 181 | GB10: 182 | GC10: 183 | GD10: 184 | GE10: 185 | GF10: 186 | GG10: 187 | GH10: 188 | GI10: 189 | GJ10: 190 | GK10: 191 | GL10: 192 | GM10: 193 | GN10: 194 | GO10: 195 | GP10: 196 | GQ10: 197 | GR10: 198 | GS10: 199 | GT10: 200 | GU10: 201 | GV10: 202 | GW10: 203 | GX10: 204 | GY10: 205 | GZ10: 206 | HA10: 207 | HB10: 208 | HC10: 209 | HD10: 210 | HE10: 211 | HF10: 212 | HG10: 213 | HH10: 214 | HI10: 215 | HJ10: 216 | HK10: 217 | HL10: 218 | HM10: 219 | HN10: 220 | HO10: 221 | HP10: 222 | HQ10: 223 | HR10: 224 | HS10: 225 | HT10: 226 | HU10: 227 | HV10: 228 | HW10: 229 | HX10: 230 | HY10: 231 | HZ10: 232 | IA10: 233 | IB10: 234 | IC10: 235 | ID10: 236 | IE10: 237 | IF10: 238 | IG10: 239 | IH10: 240 | II10: 241 | IJ10: 242 | IK10: 243 | IL10: 244 | IM10: 245 | IN10: 246 | IO10: 247 | IP10: 248 | IQ10: 249 | IR10: 250 | IS10: 251 | IT10: 252 | IU10: 253 | IV10: 254 | IW10: 255 | IX10: 256 | IY10: 257 | IZ10: 258 | JA10: 259 | JB10: 260 | JC10: 261 | JD10: 262 | JE10: 263 | JF10: 264 | JG10: 265 | JH10: 266 | JI10: 267 | JJ10: 268 | JK10: 269 | JL10: 270 | JM10: 271 | JN10: 272 | JO10: 273 | JP10: 274 | JQ10: 275 | JR10: 276 | JS10: 277 | JT10: 278 | JU10: 279 | JV10: 280 | JW10: 281 | JX10: 282 | JY10: 283 | JZ10: 284 | KA10: 285 | KB10: 286 | KC10: 287 | KD10: 288 | KE10: 289 | KF10: 290 | KG10: 291 | KH10: 292 | KI10: 293 | KJ10: 294 | KK10: 295 | KL10: 296 | KM10: 297 | KN10: 298 | KO10: 299 | KP10: 300
A12: INFRAESTRUCTURA | C12: =SUM(C13:C22) -> 1238 | D12: =SUM(D13:D22) -> 1238 | E12: =SUM(E13:E22) -> 1238 | F12: =SUM(F13:F22) -> 1238 | G12: =SUM(G13:G22) -> 1238 | H12: =SUM(H13:H22) -> 1688 | I12: =SUM(I13:I22) -> 1690 | J12: =SUM(J13:J22) -> 1693 | ... KP12: =SUM(KP13:KP22) -> 2778
A13: LUMINARIA NA 70W | C13: =+ENERGIA!C21 -> 851 | D13: =+ENERGIA!D21 -> 851 | E13: =+ENERGIA!E21 -> 851 | F13: =+ENERGIA!F21 -> 851 | G13: =+ENERGIA!G21 -> 851 | H13: =+ENERGIA!H21 -> 0 | I13: =+ENERGIA!I21 -> 0 | J13: =+ENERGIA!J21 -> 0 | ... KP13: =+ENERGIA!KP21 -> 0
A14: LUMINARIA NA 150W | C14: =+ENERGIA!C22 -> 202 | D14: =+ENERGIA!D22 -> 202 | E14: =+ENERGIA!E22 -> 202 | F14: =+ENERGIA!F22 -> 202 | G14: =+ENERGIA!G22 -> 202 | H14: =+ENERGIA!H22 -> 0 | I14: =+ENERGIA!I22 -> 0 | J14: =+ENERGIA!J22 -> 0 | ... KP14: =+ENERGIA!KP22 -> 0
A15: LUMINARIA NA 250W | C15: =+ENERGIA!C23 -> 0 | D15: =+ENERGIA!D23 -> 0 | E15: =+ENERGIA!E23 -> 0 | F15: =+ENERGIA!F23 -> 0 | G15: =+ENERGIA!G23 -> 0 | H15: =+ENERGIA!H23 -> 0 | I15: =+ENERGIA!I23 -> 0 | J15: =+ENERGIA!J23 -> 0 | ... KP15: =+ENERGIA!KP23 -> 0
A16: LUMINARIA NA 400W | C16: =+ENERGIA!C24 -> 0 | D16: =+ENERGIA!D24 -> 0 | E16: =+ENERGIA!E24 -> 0 | F16: =+ENERGIA!F24 -> 0 | G16: =+ENERGIA!G24 -> 0 | H16: =+ENERGIA!H24 -> 0 | I16: =+ENERGIA!I24 -> 0 | J16: =+ENERGIA!J24 -> 0 | ... KP16: =+ENERGIA!KP24 -> 0
A17: LUMINARIA LED 20-60W | C17: =+ENERGIA!C25 -> 48 | D17: =+ENERGIA!D25 -> 48 | E17: =+ENERGIA!E25 -> 48 | F17: =+ENERGIA!F25 -> 48 | G17: =+ENERGIA!G25 -> 48 | H17: =+ENERGIA!H25 -> 1299 | I17: =+ENERGIA!I25 -> 1301 | J17: =+ENERGIA!J25 -> 1304 | ... KP17: =+ENERGIA!KP25 -> 2389
A18: LUMINARIA LED 60-80W | C18: =+ENERGIA!C26 -> 99 | D18: =+ENERGIA!D26 -> 99 | E18: =+ENERGIA!E26 -> 99 | F18: =+ENERGIA!F26 -> 99 | G18: =+ENERGIA!G26 -> 99 | H18: =+ENERGIA!H26 -> 351 | I18: =+ENERGIA!I26 -> 351 | J18: =+ENERGIA!J26 -> 351 | ... KP18: =+ENERGIA!KP26 -> 351
A19: LUMINARIA LED 80-120W | C19: =+ENERGIA!C27 -> 28 | D19: =+ENERGIA!D27 -> 28 | E19: =+ENERGIA!E27 -> 28 | F19: =+ENERGIA!F27 -> 28 | G19: =+ENERGIA!G27 -> 28 | H19: =+ENERGIA!H27 -> 28 | I19: =+ENERGIA!I27 -> 28 | J19: =+ENERGIA!J27 -> 28 | ... KP19: =+ENERGIA!KP27 -> 28
A20: LUMINARIA LED 120-160W | C20: =+ENERGIA!C28 -> 0 | D20: =+ENERGIA!D28 -> 0 | E20: =+ENERGIA!E28 -> 0 | F20: =+ENERGIA!F28 -> 0 | G20: =+ENERGIA!G28 -> 0 | H20: =+ENERGIA!H28 -> 0 | I20: =+ENERGIA!I28 -> 0 | J20: =+ENERGIA!J28 -> 0 | ... KP20: =+ENERGIA!KP28 -> 0
A21: LUMINARIA LED 160-300W | C21: =+ENERGIA!C29 -> 10 | D21: =+ENERGIA!D29 -> 10 | E21: =+ENERGIA!E29 -> 10 | F21: =+ENERGIA!F29 -> 10 | G21: =+ENERGIA!G29 -> 10 | H21: =+ENERGIA!H29 -> 10 | I21: =+ENERGIA!I29 -> 10 | J21: =+ENERGIA!J29 -> 10 | ... KP21: =+ENERGIA!KP29 -> 10
A22: LUMINARIA LED 40-80W SOLAR | C22: =+ENERGIA!C30 -> 0 | D22: =+ENERGIA!D30 -> 0 | E22: =+ENERGIA!E30 -> 0 | F22: =+ENERGIA!F30 -> 0 | G22: =+ENERGIA!G30 -> 0 | H22: =+ENERGIA!H30 -> 0 | I22: =+ENERGIA!I30 -> 0 | J22: =+ENERGIA!J30 -> 0 | ... KP22: =+ENERGIA!KP30 -> 0
A23: TRANSFORMADOR EXCLUSIVO AP | C23: 0 | D23: =+C23 -> 0 | E23: =+D23 -> 0 | F23: =+E23 -> 0 | G23: =+F23 -> 0 | H23: =+G23 -> 0 | I23: =+H23 -> 0 | J23: =+I23 -> 0 | K23: =+J23 -> 0 | ... KP23: =+KO23 -> 0
A24: POSTE CONCRETO | C24: 0 | D24: =+C24 -> 0 | E24: =+D24 -> 0 | F24: =+E24 -> 0 | G24: =+F24 -> 0 | H24: =+G24 -> 0 | I24: =+H24 -> 0 | J24: =+I24 -> 0 | K24: =+J24 -> 0 | ... KP24: =+KO24 -> 0
A25: POSTE METALICO | C25: 0 | D25: =+C25 -> 0 | E25: =+D25 -> 0 | F25: =+E25 -> 0 | G25: =+F25 -> 0 | H25: =+G25 -> 0 | I25: =+H25 -> 0 | J25: =+I25 -> 0 | K25: =+J25 -> 0 | ... KP25: =+KO25 -> 0
A26: RED AEREA | C26: 0 | D26: =+C26 -> 0 | E26: =+D26 -> 0 | F26: =+E26 -> 0 | G26: =+F26 -> 0 | H26: =+G26 -> 0 | I26: =+H26 -> 0 | J26: =+I26 -> 0 | K26: =+J26 -> 0 | ... KP26: =+KO26 -> 0
A27: CAMARA INSPEC. | C27: 0 | D27: =+C27 -> 0 | E27: =+D27 -> 0 | F27: =+E27 -> 0 | G27: =+F27 -> 0 | H27: =+G27 -> 0 | I27: =+H27 -> 0 | J27: =+I27 -> 0 | K27: =+J27 -> 0 | ... KP27: =+KO27 -> 0
A28: CANALIZACION | C28: 0 | D28: =+C28 -> 0 | E28: =+D28 -> 0 | F28: =+E28 -> 0 | G28: =+F28 -> 0 | H28: =+G28 -> 0 | I28: =+H28 -> 0 | J28: =+I28 -> 0 | K28: =+J28 -> 0 | ... KP28: =+KO28 -> 0
A29: RED SUBTERRANEA | C29: 0 | D29: =+C29 -> 0 | E29: =+D29 -> 0 | F29: =+E29 -> 0 | G29: =+F29 -> 0 | H29: =+G29 -> 0 | I29: =+H29 -> 0 | J29: =+I29 -> 0 | K29: =+J29 -> 0 | ... KP29: =+KO29 -> 0
A30: TELEGESTIÓN | C30: 0 | D30: =+C30 -> 0 | E30: =+D30 -> 0 | F30: =+E30 -> 0 | G30: =+F30 -> 0 | H30: =+G30 -> 0 | I30: =+H30 -> 0 | J30: =+I30 -> 0 | K30: =+J30 -> 0 | ... KP30: =+KO30 -> 0
A32: VALOR UCAPS
A33: LUMINARIA NA 70W | C33: =+DRIVERS!D31 -> 893998.32 | D33: =+C33 -> 893998.32 | E33: =+D33 -> 893998.32 | F33: =+E33 -> 893998.32 | G33: =+F33 -> 893998.32 | H33: =+G33 -> 893998.32 | I33: =+H33 -> 893998.32 | J33: =+I33 -> 893998.32 | K33: =+J33 -> 893998.32 | ... KP33: =+KO33 -> 893998.32
A34: LUMINARIA NA 150W | C34: =+DRIVERS!D32 -> 1297495 | D34: =+C34 -> 1297495 | E34: =+D34 -> 1297495 | F34: =+E34 -> 1297495 | G34: =+F34 -> 1297495 | H34: =+G34 -> 1297495 | I34: =+H34 -> 1297495 | J34: =+I34 -> 1297495 | K34: =+J34 -> 1297495 | ... KP34: =+KO34 -> 1297495
A35: LUMINARIA NA 250W | C35: =+DRIVERS!D33 -> 1452469.4 | D35: =+C35 -> 1452469.4 | E35: =+D35 -> 1452469.4 | F35: =+E35 -> 1452469.4 | G35: =+F35 -> 1452469.4 | H35: =+G35 -> 1452469.4 | I35: =+H35 -> 1452469.4 | J35: =+I35 -> 1452469.4 | K35: =+J35 -> 1452469.4 | ... KP35: =+KO35 -> 1452469.4
A36: LUMINARIA NA 400W | C36: =+DRIVERS!D34 -> 1497721.2 | D36: =+C36 -> 1497721.2 | E36: =+D36 -> 1497721.2 | F36: =+E36 -> 1497721.2 | G36: =+F36 -> 1497721.2 | H36: =+G36 -> 1497721.2 | I36: =+H36 -> 1497721.2 | J36: =+I36 -> 1497721.2 | K36: =+J36 -> 1497721.2 | ... KP36: =+KO36 -> 1497721.2
A37: LUMINARIA LED 20-60W | C37: =+DRIVERS!D35 -> 2201787.1 | D37: =+C37 -> 2201787.1 | E37: =+D37 -> 2201787.1 | F37: =+E37 -> 2201787.1 | G37: =+F37 -> 2201787.1 | H37: =+G37 -> 2201787.1 | I37: =+H37 -> 2201787.1 | J37: =+I37 -> 2201787.1 | K37: =+J37 -> 2201787.1 | ... KP37: =+KO37 -> 2201787.1
A38: LUMINARIA LED 60-80W | C38: =+DRIVERS!D36 -> 2505481.9 | D38: =+C38 -> 2505481.9 | E38: =+D38 -> 2505481.9 | F38: =+E38 -> 2505481.9 | G38: =+F38 -> 2505481.9 | H38: =+G38 -> 2505481.9 | I38: =+H38 -> 2505481.9 | J38: =+I38 -> 2505481.9 | K38: =+J38 -> 2505481.9 | ... KP38: =+KO38 -> 2505481.9
A39: LUMINARIA LED 80-120W | C39: =+DRIVERS!D37 -> 2657329.3 | D39: =+C39 -> 2657329.3 | E39: =+D39 -> 2657329.3 | F39: =+E39 -> 2657329.3 | G39: =+F39 -> 2657329.3 | H39: =+G39 -> 2657329.3 | I39: =+H39 -> 2657329.3 | J39: =+I39 -> 2657329.3 | K39: =+J39 -> 2657329.3 | ... KP39: =+KO39 -> 2657329.3
A40: LUMINARIA LED 120-160W | C40: =+DRIVERS!D38 -> 2809176.7 | D40: =+C40 -> 2809176.7 | E40: =+D40 -> 2809176.7 | F40: =+E40 -> 2809176.7 | G40: =+F40 -> 2809176.7 | H40: =+G40 -> 2809176.7 | I40: =+H40 -> 2809176.7 | J40: =+I40 -> 2809176.7 | K40: =+J40 -> 2809176.7 | ... KP40: =+KO40 -> 2809176.7
A41: LUMINARIA LED 160-300W | C41: =+DRIVERS!D39 -> 3112871.5 | D41: =+C41 -> 3112871.5 | E41: =+D41 -> 3112871.5 | F41: =+E41 -> 3112871.5 | G41: =+F41 -> 3112871.5 | H41: =+G41 -> 3112871.5 | I41: =+H41 -> 3112871.5 | J41: =+I41 -> 3112871.5 | K41: =+J41 -> 3112871.5 | ... KP41: =+KO41 -> 3112871.5
A42: LUMINARIA LED 40-80W SOLAR | C42: =+DRIVERS!D40 -> 3492490 | D42: =+C42 -> 3492490 | E42: =+D42 -> 3492490 | F42: =+E42 -> 3492490 | G42: =+F42 -> 3492490 | H42: =+G42 -> 3492490 | I42: =+H42 -> 3492490 | J42: =+I42 -> 3492490 | K42: =+J42 -> 3492490 | ... KP42: =+KO42 -> 3492490
A43: TRANSFORMADOR EXCLUSIVO AP | C43: =+DRIVERS!D41 -> 9099656.1 | D43: =+C43 -> 9099656.1 | E43: =+D43 -> 9099656.1 | F43: =+E43 -> 9099656.1 | G43: =+F43 -> 9099656.1 | H43: =+G43 -> 9099656.1 | I43: =+H43 -> 9099656.1 | J43: =+I43 -> 9099656.1 | K43: =+J43 -> 9099656.1 | ... KP43: =+KO43 -> 9099656.1
A44: POSTE CONCRETO | C44: =+DRIVERS!D42 -> 1731599.1 | D44: =+C44 -> 1731599.1 | E44: =+D44 -> 1731599.1 | F44: =+E44 -> 1731599.1 | G44: =+F44 -> 1731599.1 | H44: =+G44 -> 1731599.1 | I44: =+H44 -> 1731599.1 | J44: =+I44 -> 1731599.1 | K44: =+J44 -> 1731599.1 | ... KP44: =+KO44 -> 1731599.1
... A50: TELEGESTIÓN | C50: =+DRIVERS!D48 -> 1032972.2 | D50: =+C50 -> 1032972.2 | E50: =+D50 -> 1032972.2 | F50: =+E50 -> 1032972.2 | G50: =+F50 -> 1032972.2 | H50: =+G50 -> 1032972.2 | I50: =+H50 -> 1032972.2 | J50: =+I50 -> 1032972.2 | K50: =+J50 -> 1032972.2 | ... KP50: =+KO50 -> 1032972.2
A52: VALOR INFRAESTRUCTURA
A53: LUMINARIA NA 70W | C53: =+C33*C13 -> 7.6079257e+08 | D53: =+D33*D13 -> 7.6079257e+08 | E53: =+E33*E13 -> 7.6079257e+08 | F53: =+F33*F13 -> 7.6079257e+08 | G53: =+G33*G13 -> 7.6079257e+08 | H53: =+H33*H13 -> 0 | I53: =+I33*I13 -> 0 | J53: =+J33*J13 -> 0 | ... KP53: =+KP33*KP13 -> 0
A54: LUMINARIA NA 150W | C54: =+C34*C14 -> 2.6209399e+08 | D54: =+D34*D14 -> 2.6209399e+08 | E54: =+E34*E14 -> 2.6209399e+08 | F54: =+F34*F14 -> 2.6209399e+08 | G54: =+G34*G14 -> 2.6209399e+08 | H54: =+H34*H14 -> 0 | I54: =+I34*I14 -> 0 | J54: =+J34*J14 -> 0 | ... KP54: =+KP34*KP14 -> 0
A55: LUMINARIA NA 250W | C55: =+C35*C15 -> 0 | D55: =+D35*D15 -> 0 | E55: =+E35*E15 -> 0 | F55: =+F35*F15 -> 0 | G55: =+G35*G15 -> 0 | H55: =+H35*H15 -> 0 | I55: =+I35*I15 -> 0 | J55: =+J35*J15 -> 0 | ... KP55: =+KP35*KP15 -> 0
A56: LUMINARIA NA 400W | C56: =+C36*C16 -> 0 | D56: =+D36*D16 -> 0 | E56: =+E36*E16 -> 0 | F56: =+F36*F16 -> 0 | G56: =+G36*G16 -> 0 | H56: =+H36*H16 -> 0 | I56: =+I36*I16 -> 0 | J56: =+J36*J16 -> 0 | ... KP56: =+KP36*KP16 -> 0
A57: LUMINARIA LED 20-60W | C57: =+C37*C17 -> 1.0568578e+08 | D57: =+D37*D17 -> 1.0568578e+08 | E57: =+E37*E17 -> 1.0568578e+08 | F57: =+F37*F17 -> 1.0568578e+08 | G57: =+G37*G17 -> 1.0568578e+08 | H57: =+H37*H17 -> 2.8601215e+09 | I57: =+I37*I17 -> 2.8645251e+09 | J57: =+J37*J17 -> 2.8711304e+09 | ... KP57: =+KP37*KP17 -> 5.2600695e+09
A58: LUMINARIA LED 60-80W | C58: =+C38*C18 -> 2.4804271e+08 | D58: =+D38*D18 -> 2.4804271e+08 | E58: =+E38*E18 -> 2.4804271e+08 | F58: =+F38*F18 -> 2.4804271e+08 | G58: =+G38*G18 -> 2.4804271e+08 | H58: =+H38*H18 -> 8.7942416e+08 | I58: =+I38*I18 -> 8.7942416e+08 | J58: =+J38*J18 -> 8.7942416e+08 | ... KP58: =+KP38*KP18 -> 8.7942416e+08
A59: LUMINARIA LED 80-120W | C59: =+C39*C19 -> 74405221 | D59: =+D39*D19 -> 74405221 | E59: =+E39*E19 -> 74405221 | F59: =+F39*F19 -> 74405221 | G59: =+G39*G19 -> 74405221 | H59: =+H39*H19 -> 74405221 | I59: =+I39*I19 -> 74405221 | J59: =+J39*J19 -> 74405221 | ... KP59: =+KP39*KP19 -> 74405221
A60: LUMINARIA LED 120-160W | C60: =+C40*C20 -> 0 | D60: =+D40*D20 -> 0 | E60: =+E40*E20 -> 0 | F60: =+F40*F20 -> 0 | G60: =+G40*G20 -> 0 | H60: =+H40*H20 -> 0 | I60: =+I40*I20 -> 0 | J60: =+J40*J20 -> 0 | ... KP60: =+KP40*KP20 -> 0
A61: LUMINARIA LED 160-300W | C61: =+C41*C21 -> 31128715 | D61: =+D41*D21 -> 31128715 | E61: =+E41*E21 -> 31128715 | F61: =+F41*F21 -> 31128715 | G61: =+G41*G21 -> 31128715 | H61: =+H41*H21 -> 31128715 | I61: =+I41*I21 -> 31128715 | J61: =+J41*J21 -> 31128715 | ... KP61: =+KP41*KP21 -> 31128715
A62: LUMINARIA LED 40-80W SOLAR | C62: =+C42*C22 -> 0 | D62: =+D42*D22 -> 0 | E62: =+E42*E22 -> 0 | F62: =+F42*F22 -> 0 | G62: =+G42*G22 -> 0 | H62: =+H42*H22 -> 0 | I62: =+I42*I22 -> 0 | J62: =+J42*J22 -> 0 | ... KP62: =+KP42*KP22 -> 0
A63: TRANSFORMADOR EXCLUSIVO AP | C63: =+C43*C23 -> 0 | D63: =+D43*D23 -> 0 | E63: =+E43*E23 -> 0 | F63: =+F43*F23 -> 0 | G63: =+G43*G23 -> 0 | H63: =+H43*H23 -> 0 | I63: =+I43*I23 -> 0 | J63: =+J43*J23 -> 0 | ... KP63: =+KP43*KP23 -> 0
A64: POSTE CONCRETO | C64: =+C44*C24 -> 0 | D64: =+D44*D24 -> 0 | E64: =+E44*E24 -> 0 | F64: =+F44*F24 -> 0 | G64: =+G44*G24 -> 0 | H64: =+H44*H24 -> 0 | I64: =+I44*I24 -> 0 | J64: =+J44*J24 -> 0 | ... KP64: =+KP44*KP24 -> 0
... A70: TELEGESTIÓN | C70: =+C50*C30 -> 0 | D70: =+D50*D30 -> 0 | E70: =+E50*E30 -> 0 | F70: =+F50*F30 -> 0 | G70: =+G50*G30 -> 0 | H70: =+H50*H30 -> 0 | I70: =+I50*I30 -> 0 | J70: =+J50*J30 -> 0 | ... KP70: =+KP50*KP30 -> 0
C71: =SUM(C53:C70) -> 1.482149e+09 | D71: =SUM(D53:D70) -> 1.482149e+09 | E71: =SUM(E53:E70) -> 1.482149e+09 | F71: =SUM(F53:F70) -> 1.482149e+09 | G71: =SUM(G53:G70) -> 1.482149e+09 | H71: =SUM(H53:H70) -> 3.8450796e+09 | I71: =SUM(I53:I70) -> 3.8494832e+09 | J71: =SUM(J53:J70) -> 3.8560885e+09 | ... KP71: =SUM(KP53:KP70) -> 6.2450276e+09
A76: INGRESOS MÁXIMOS
A78: CAOM
B79: CRTA | C79: =+C71 -> 1.482149e+09 | D79: =+D71 -> 1.482149e+09 | E79: =+E71 -> 1.482149e+09 | F79: =+F71 -> 1.482149e+09 | G79: =+G71 -> 1.482149e+09 | H79: =+H71 -> 3.8450796e+09 | I79: =+I71 -> 3.8494832e+09 | J79: =+J71 -> 3.8560885e+09 | ... KP79: =+KP71 -> 6.2450276e+09
B80: CRTAn | C80: =SUM(C66:C70) -> 0 | D80: =SUM(D66:D70) -> 0 | E80: =SUM(E66:E70) -> 0 | F80: =SUM(F66:F70) -> 0 | G80: =SUM(G66:G70) -> 0 | H80: =SUM(H66:H70) -> 0 | I80: =SUM(I66:I70) -> 0 | J80: =SUM(J66:J70) -> 0 | ... KP80: =SUM(KP66:KP70) -> 0
B81: CRTAL | C81: =SUM(C53:C65) -> 1.482149e+09 | D81: =SUM(D53:D65) -> 1.482149e+09 | E81: =SUM(E53:E65) -> 1.482149e+09 | F81: =SUM(F53:F65) -> 1.482149e+09 | G81: =SUM(G53:G65) -> 1.482149e+09 | H81: =SUM(H53:H65) -> 3.8450796e+09 | I81: =SUM(I53:I65) -> 3.8494832e+09 | J81: =SUM(J53:J65) -> 3.8560885e+09 | ... KP81: =SUM(KP53:KP65) -> 6.2450276e+09
B82: FAOMn | C82: =+DRIVERS!B51 -> 0.04 | D82: =+C82 -> 0.04 | E82: =+D82 -> 0.04 | F82: =+E82 -> 0.04 | G82: =+F82 -> 0.04 | H82: =+G82 -> 0.04 | I82: =+H82 -> 0.04 | J82: =+I82 -> 0.04 | K82: =+J82 -> 0.04 | ... KP82: =+KO82 -> 0.04
B83: FAOML | C83: =+DRIVERS!B52 -> 0.092 | D83: =+C83 -> 0.092 | E83: =+D83 -> 0.092 | F83: =+E83 -> 0.092 | G83: =+F83 -> 0.092 | H83: =+G83 -> 0.092 | I83: =+H83 -> 0.092 | J83: =+I83 -> 0.092 | K83: =+J83 -> 0.092 | ... KP83: =+KO83 -> 0.092
B84: FAOMS | C84: =+DRIVERS!B53 -> 0 | D84: =+C84 -> 0 | E84: =+D84 -> 0 | F84: =+E84 -> 0 | G84: =+F84 -> 0 | H84: =+G84 -> 0 | I84: =+H84 -> 0 | J84: =+I84 -> 0 | K84: =+J84 -> 0 | ... KP84: =+KO84 -> 0
B85: ID | C85: =1-((C113*C128)/(C126*C129)) -> 0.99757978 | D85: =1-((D113*D128)/(D126*D129)) -> 0.99757978 | E85: =1-((E113*E128)/(E126*E129)) -> 0.99757978 | F85: =1-((F113*F128)/(F126*F129)) -> 0.99757978 | G85: =1-((G113*G128)/(G126*G129)) -> 0.99757978 | H85: =1-((H113*H128)/(H126*H129)) -> 0.99754815 | I85: =1-((I113*I128)/(I126*I129)) -> 0.99748242 | J85: =1-((J113*J128)/(J126*J129)) -> 0.99748628 | ... KP85: =1-((KP113*KP128)/(KP126*KP129)) -> 0.9974624
B86: VCEE | C86: =+C132*C133*C134 -> 64365.624 | D86: =+D132*D133*D134 -> 64730.66 | E86: =+E132*E133*E134 -> 65095.697 | F86: =+F132*F133*F134 -> 65460.733 | G86: =+G132*G133*G134 -> 65825.77 | H86: =+H132*H133*H134 -> 50352.403 | I86: =+I132*I133*I134 -> 52040.838 | J86: =+J132*J133*J134 -> 52326.264 | ... KP86: =+KP132*KP133*KP134 -> 212905.12
A88: TOTAL CAOM | C88: =+(((((C79*C84)+(C80*C82)+(C81*C83)))/12)*C85)-C86 -> 11271275 | D88: =+(((((D79*D84)+(D80*D82)+(D81*D83)))/12)*D85)-D86 -> 11270910 | E88: =+(((((E79*E84)+(E80*E82)+(E81*E83)))/12)*E85)-E86 -> 11270545 | F88: =+(((((F79*F84)+(F80*F82)+(F81*F83)))/12)*F85)-F86 -> 11270180 | G88: =+(((((G79*G84)+(G80*G82)+(G81*G83)))/12)*G85)-G86 -> 11269815 | H88: =+(((((H79*H84)+(H80*H82)+(H81*H83)))/12)*H85)-H86 -> 29356313 | I88: =+(((((I79*I84)+(I80*I82)+(I81*I83)))/12)*I85)-I86 -> 29386363 | J88: =+(((((J79*J84)+(J80*J82)+(J81*J83)))/12)*J85)-J86 -> 29436705 | ... KP88: =+(((((KP79*KP84)+(KP80*KP82)+(KP81*KP83)))/12)*KP85)-KP86 -> 47544143
A90: CALCULO ID (LUM EN FALLA) | B90: POT. | C90: FALLADAS
A91: LUMINARIA NA 70W | B91: =+ENERGIA!C34 -> 81 | C91: =+INT(C13*0.02) -> 17 | D91: =+INT(D13*0.02) -> 17 | E91: =+INT(E13*0.02) -> 17 | F91: =+INT(F13*0.02) -> 17 | G91: =+INT(G13*0.02) -> 17 | H91: =+INT(H13*0.02) -> 0 | I91: =+INT(I13*0.02) -> 0 | J91: =+INT(J13*0.02) -> 0 | ... KP91: =+INT(KP13*0.02) -> 0
A92: LUMINARIA NA 150W | B92: =+ENERGIA!C35 -> 169 | C92: =+INT(C14*0.02) -> 4 | D92: =+INT(D14*0.02) -> 4 | E92: =+INT(E14*0.02) -> 4 | F92: =+INT(F14*0.02) -> 4 | G92: =+INT(G14*0.02) -> 4 | H92: =+INT(H14*0.02) -> 0 | I92: =+INT(I14*0.02) -> 0 | J92: =+INT(J14*0.02) -> 0 | ... KP92: =+INT(KP14*0.02) -> 0
A93: LUMINARIA NA 250W | B93: =+ENERGIA!C36 -> 271 | C93: =+INT(C15*0.02) -> 0 | D93: =+INT(D15*0.02) -> 0 | E93: =+INT(E15*0.02) -> 0 | F93: =+INT(F15*0.02) -> 0 | G93: =+INT(G15*0.02) -> 0 | H93: =+INT(H15*0.02) -> 0 | I93: =+INT(I15*0.02) -> 0 | J93: =+INT(J15*0.02) -> 0 | ... KP93: =+INT(KP15*0.02) -> 0
A94: LUMINARIA NA 400W | B94: =+ENERGIA!C37 -> 440 | C94: =+INT(C16*0.02) -> 0 | D94: =+INT(D16*0.02) -> 0 | E94: =+INT(E16*0.02) -> 0 | F94: =+INT(F16*0.02) -> 0 | G94: =+INT(G16*0.02) -> 0 | H94: =+INT(H16*0.02) -> 0 | I94: =+INT(I16*0.02) -> 0 | J94: =+INT(J16*0.02) -> 0 | ... KP94: =+INT(KP16*0.02) -> 0
A95: LUMINARIA LED 20-60W | B95: =+ENERGIA!C38 -> 45 | C95: =+INT(C17*0.02) -> 0 | D95: =+INT(D17*0.02) -> 0 | E95: =+INT(E17*0.02) -> 0 | F95: =+INT(F17*0.02) -> 0 | G95: =+INT(G17*0.02) -> 0 | H95: =+INT(H17*0.02) -> 25 | I95: =+INT(I17*0.02) -> 26 | J95: =+INT(J17*0.02) -> 26 | ... KP95: =+INT(KP17*0.02) -> 47
A96: LUMINARIA LED 60-80W | B96: =+ENERGIA!C39 -> 70 | C96: =+INT(C18*0.02) -> 1 | D96: =+INT(D18*0.02) -> 1 | E96: =+INT(E18*0.02) -> 1 | F96: =+INT(F18*0.02) -> 1 | G96: =+INT(G18*0.02) -> 1 | H96: =+INT(H18*0.02) -> 7 | I96: =+INT(I18*0.02) -> 7 | J96: =+INT(J18*0.02) -> 7 | ... KP96: =+INT(KP18*0.02) -> 7
A97: LUMINARIA LED 80-120W | B97: =+ENERGIA!C40 -> 100 | C97: =+INT(C19*0.02) -> 0 | D97: =+INT(D19*0.02) -> 0 | E97: =+INT(E19*0.02) -> 0 | F97: =+INT(F19*0.02) -> 0 | G97: =+INT(G19*0.02) -> 0 | H97: =+INT(H19*0.02) -> 0 | I97: =+INT(I19*0.02) -> 0 | J97: =+INT(J19*0.02) -> 0 | ... KP97: =+INT(KP19*0.02) -> 0
A98: LUMINARIA LED 120-160W | B98: =+ENERGIA!C41 -> 140 | C98: =+INT(C20*0.02) -> 0 | D98: =+INT(D20*0.02) -> 0 | E98: =+INT(E20*0.02) -> 0 | F98: =+INT(F20*0.02) -> 0 | G98: =+INT(G20*0.02) -> 0 | H98: =+INT(H20*0.02) -> 0 | I98: =+INT(I20*0.02) -> 0 | J98: =+INT(J20*0.02) -> 0 | ... KP98: =+INT(KP20*0.02) -> 0
A99: LUMINARIA LED 160-300W | B99: =+ENERGIA!C42 -> 200 | C99: =+INT(C21*0.02) -> 0 | D99: =+INT(D21*0.02) -> 0 | E99: =+INT(E21*0.02) -> 0 | F99: =+INT(F21*0.02) -> 0 | G99: =+INT(G21*0.02) -> 0 | H99: =+INT(H21*0.02) -> 0 | I99: =+INT(I21*0.02) -> 0 | J99: =+INT(J21*0.02) -> 0 | ... KP99: =+INT(KP21*0.02) -> 0
A100: LUMINARIA LED 40-80W SOLAR | B100: =+ENERGIA!C43 -> 0 | C100: =+INT(C22*0.02) -> 0 | D100: =+INT(D22*0.02) -> 0 | E100: =+INT(E22*0.02) -> 0 | F100: =+INT(F22*0.02) -> 0 | G100: =+INT(G22*0.02) -> 0 | H100: =+INT(H22*0.02) -> 0 | I100: =+INT(I22*0.02) -> 0 | J100: =+INT(J22*0.02) -> 0 | ... KP100: =+INT(KP22*0.02) -> 0
A102: POTENCIA EN FALLA (Wi)
A103: LUMINARIA NA 70W | B103: =+B91 -> 81 | C103: =+(C91*$B103)/1000 -> 1.377 | D103: =+(D91*$B103)/1000 -> 1.377 | E103: =+(E91*$B103)/1000 -> 1.377 | F103: =+(F91*$B103)/1000 -> 1.377 | G103: =+(G91*$B103)/1000 -> 1.377 | H103: =+(H91*$B103)/1000 -> 0 | I103: =+(I91*$B103)/1000 -> 0 | J103: =+(J91*$B103)/1000 -> 0 | ... KP103: =+(KP91*$B103)/1000 -> 0
A104: LUMINARIA NA 150W | B104: =+B92 -> 169 | C104: =+(C92*$B104)/1000 -> 0.676 | D104: =+(D92*$B104)/1000 -> 0.676 | E104: =+(E92*$B104)/1000 -> 0.676 | F104: =+(F92*$B104)/1000 -> 0.676 | G104: =+(G92*$B104)/1000 -> 0.676 | H104: =+(H92*$B104)/1000 -> 0 | I104: =+(I92*$B104)/1000 -> 0 | J104: =+(J92*$B104)/1000 -> 0 | ... KP104: =+(KP92*$B104)/1000 -> 0
A105: LUMINARIA NA 250W | B105: =+B93 -> 271 | C105: =+(C93*$B105)/1000 -> 0 | D105: =+(D93*$B105)/1000 -> 0 | E105: =+(E93*$B105)/1000 -> 0 | F105: =+(F93*$B105)/1000 -> 0 | G105: =+(G93*$B105)/1000 -> 0 | H105: =+(H93*$B105)/1000 -> 0 | I105: =+(I93*$B105)/1000 -> 0 | J105: =+(J93*$B105)/1000 -> 0 | ... KP105: =+(KP93*$B105)/1000 -> 0
A106: LUMINARIA NA 400W | B106: =+B94 -> 440 | C106: =+(C94*$B106)/1000 -> 0 | D106: =+(D94*$B106)/1000 -> 0 | E106: =+(E94*$B106)/1000 -> 0 | F106: =+(F94*$B106)/1000 -> 0 | G106: =+(G94*$B106)/1000 -> 0 | H106: =+(H94*$B106)/1000 -> 0 | I106: =+(I94*$B106)/1000 -> 0 | J106: =+(J94*$B106)/1000 -> 0 | ... KP106: =+(KP94*$B106)/1000 -> 0
A107: LUMINARIA LED 20-60W | B107: =+B95 -> 45 | C107: =+(C95*$B107)/1000 -> 0 | D107: =+(D95*$B107)/1000 -> 0 | E107: =+(E95*$B107)/1000 -> 0 | F107: =+(F95*$B107)/1000 -> 0 | G107: =+(G95*$B107)/1000 -> 0 | H107: =+(H95*$B107)/1000 -> 1.125 | I107: =+(I95*$B107)/1000 -> 1.17 | J107: =+(J95*$B107)/1000 -> 1.17 | ... KP107: =+(KP95*$B107)/1000 -> 2.115
A108: LUMINARIA LED 60-80W | B108: =+B96 -> 70 | C108: =+(C96*$B108)/1000 -> 0.07 | D108: =+(D96*$B108)/1000 -> 0.07 | E108: =+(E96*$B108)/1000 -> 0.07 | F108: =+(F96*$B108)/1000 -> 0.07 | G108: =+(G96*$B108)/1000 -> 0.07 | H108: =+(H96*$B108)/1000 -> 0.49 | I108: =+(I96*$B108)/1000 -> 0.49 | J108: =+(J96*$B108)/1000 -> 0.49 | ... KP108: =+(KP96*$B108)/1000 -> 0.49
A109: LUMINARIA LED 80-120W | B109: =+B97 -> 100 | C109: =+(C97*$B109)/1000 -> 0 | D109: =+(D97*$B109)/1000 -> 0 | E109: =+(E97*$B109)/1000 -> 0 | F109: =+(F97*$B109)/1000 -> 0 | G109: =+(G97*$B109)/1000 -> 0 | H109: =+(H97*$B109)/1000 -> 0 | I109: =+(I97*$B109)/1000 -> 0 | J109: =+(J97*$B109)/1000 -> 0 | ... KP109: =+(KP97*$B109)/1000 -> 0
A110: LUMINARIA LED 120-160W | B110: =+B98 -> 140 | C110: =+(C98*$B110)/1000 -> 0 | D110: =+(D98*$B110)/1000 -> 0 | E110: =+(E98*$B110)/1000 -> 0 | F110: =+(F98*$B110)/1000 -> 0 | G110: =+(G98*$B110)/1000 -> 0 | H110: =+(H98*$B110)/1000 -> 0 | I110: =+(I98*$B110)/1000 -> 0 | J110: =+(J98*$B110)/1000 -> 0 | ... KP110: =+(KP98*$B110)/1000 -> 0
A111: LUMINARIA LED 160-300W | B111: =+B99 -> 200 | C111: =+(C99*$B111)/1000 -> 0 | D111: =+(D99*$B111)/1000 -> 0 | E111: =+(E99*$B111)/1000 -> 0 | F111: =+(F99*$B111)/1000 -> 0 | G111: =+(G99*$B111)/1000 -> 0 | H111: =+(H99*$B111)/1000 -> 0 | I111: =+(I99*$B111)/1000 -> 0 | J111: =+(J99*$B111)/1000 -> 0 | ... KP111: =+(KP99*$B111)/1000 -> 0
A112: LUMINARIA LED 40-80W SOLAR | B112: =+B100 -> 0 | C112: =+(C100*$B112)/1000 -> 0 | D112: =+(D100*$B112)/1000 -> 0 | E112: =+(E100*$B112)/1000 -> 0 | F112: =+(F100*$B112)/1000 -> 0 | G112: =+(G100*$B112)/1000 -> 0 | H112: =+(H100*$B112)/1000 -> 0 | I112: =+(I100*$B112)/1000 -> 0 | J112: =+(J100*$B112)/1000 -> 0 | ... KP112: =+(KP100*$B112)/1000 -> 0
C113: =SUM(C103:C112) -> 2.123 | D113: =SUM(D103:D112) -> 2.123 | E113: =SUM(E103:E112) -> 2.123 | F113: =SUM(F103:F112) -> 2.123 | G113: =SUM(G103:G112) -> 2.123 | H113: =SUM(H103:H112) -> 1.615 | I113: =SUM(I103:I112) -> 1.66 | J113: =SUM(J103:J112) -> 1.66 | ... KP113: =SUM(KP103:KP112) -> 2.605
A115: POTENCIA INSTALADA (WT)
A116: LUMINARIA NA 70W | B116: =+B103 -> 81 | C116: =+($B116*C13)/1000 -> 68.931 | D116: =+($B116*D13)/1000 -> 68.931 | E116: =+($B116*E13)/1000 -> 68.931 | F116: =+($B116*F13)/1000 -> 68.931 | G116: =+($B116*G13)/1000 -> 68.931 | H116: =+($B116*H13)/1000 -> 0 | I116: =+($B116*I13)/1000 -> 0 | J116: =+($B116*J13)/1000 -> 0 | ... KP116: =+($B116*KP13)/1000 -> 0
A117: LUMINARIA NA 150W | B117: =+B104 -> 169 | C117: =+($B117*C14)/1000 -> 34.138 | D117: =+($B117*D14)/1000 -> 34.138 | E117: =+($B117*E14)/1000 -> 34.138 | F117: =+($B117*F14)/1000 -> 34.138 | G117: =+($B117*G14)/1000 -> 34.138 | H117: =+($B117*H14)/1000 -> 0 | I117: =+($B117*I14)/1000 -> 0 | J117: =+($B117*J14)/1000 -> 0 | ... KP117: =+($B117*KP14)/1000 -> 0
A118: LUMINARIA NA 250W | B118: =+B105 -> 271 | C118: =+($B118*C15)/1000 -> 0 | D118: =+($B118*D15)/1000 -> 0 | E118: =+($B118*E15)/1000 -> 0 | F118: =+($B118*F15)/1000 -> 0 | G118: =+($B118*G15)/1000 -> 0 | H118: =+($B118*H15)/1000 -> 0 | I118: =+($B118*I15)/1000 -> 0 | J118: =+($B118*J15)/1000 -> 0 | ... KP118: =+($B118*KP15)/1000 -> 0
A119: LUMINARIA NA 400W | B119: =+B106 -> 440 | C119: =+($B119*C16)/1000 -> 0 | D119: =+($B119*D16)/1000 -> 0 | E119: =+($B119*E16)/1000 -> 0 | F119: =+($B119*F16)/1000 -> 0 | G119: =+($B119*G16)/1000 -> 0 | H119: =+($B119*H16)/1000 -> 0 | I119: =+($B119*I16)/1000 -> 0 | J119: =+($B119*J16)/1000 -> 0 | ... KP119: =+($B119*KP16)/1000 -> 0
A120: LUMINARIA LED 20-60W | B120: =+B107 -> 45 | C120: =+($B120*C17)/1000 -> 2.16 | D120: =+($B120*D17)/1000 -> 2.16 | E120: =+($B120*E17)/1000 -> 2.16 | F120: =+($B120*F17)/1000 -> 2.16 | G120: =+($B120*G17)/1000 -> 2.16 | H120: =+($B120*H17)/1000 -> 58.455 | I120: =+($B120*I17)/1000 -> 58.545 | J120: =+($B120*J17)/1000 -> 58.68 | ... KP120: =+($B120*KP17)/1000 -> 107.505
A121: LUMINARIA LED 60-80W | B121: =+B108 -> 70 | C121: =+($B121*C18)/1000 -> 6.93 | D121: =+($B121*D18)/1000 -> 6.93 | E121: =+($B121*E18)/1000 -> 6.93 | F121: =+($B121*F18)/1000 -> 6.93 | G121: =+($B121*G18)/1000 -> 6.93 | H121: =+($B121*H18)/1000 -> 24.57 | I121: =+($B121*I18)/1000 -> 24.57 | J121: =+($B121*J18)/1000 -> 24.57 | ... KP121: =+($B121*KP18)/1000 -> 24.57
A122: LUMINARIA LED 80-120W | B122: =+B109 -> 100 | C122: =+($B122*C19)/1000 -> 2.8 | D122: =+($B122*D19)/1000 -> 2.8 | E122: =+($B122*E19)/1000 -> 2.8 | F122: =+($B122*F19)/1000 -> 2.8 | G122: =+($B122*G19)/1000 -> 2.8 | H122: =+($B122*H19)/1000 -> 2.8 | I122: =+($B122*I19)/1000 -> 2.8 | J122: =+($B122*J19)/1000 -> 2.8 | ... KP122: =+($B122*KP19)/1000 -> 2.8
A123: LUMINARIA LED 120-160W | B123: =+B110 -> 140 | C123: =+($B123*C20)/1000 -> 0 | D123: =+($B123*D20)/1000 -> 0 | E123: =+($B123*E20)/1000 -> 0 | F123: =+($B123*F20)/1000 -> 0 | G123: =+($B123*G20)/1000 -> 0 | H123: =+($B123*H20)/1000 -> 0 | I123: =+($B123*I20)/1000 -> 0 | J123: =+($B123*J20)/1000 -> 0 | ... KP123: =+($B123*KP20)/1000 -> 0
A124: LUMINARIA LED 160-300W | B124: =+B111 -> 200 | C124: =+($B124*C21)/1000 -> 2 | D124: =+($B124*D21)/1000 -> 2 | E124: =+($B124*E21)/1000 -> 2 | F124: =+($B124*F21)/1000 -> 2 | G124: =+($B124*G21)/1000 -> 2 | H124: =+($B124*H21)/1000 -> 2 | I124: =+($B124*I21)/1000 -> 2 | J124: =+($B124*J21)/1000 -> 2 | ... KP124: =+($B124*KP21)/1000 -> 2
A125: LUMINARIA LED 40-80W SOLAR | B125: =+B112 -> 0 | C125: =+($B125*C22)/1000 -> 0 | D125: =+($B125*D22)/1000 -> 0 | E125: =+($B125*E22)/1000 -> 0 | F125: =+($B125*F22)/1000 -> 0 | G125: =+($B125*G22)/1000 -> 0 | H125: =+($B125*H22)/1000 -> 0 | I125: =+($B125*I22)/1000 -> 0 | J125: =+($B125*J22)/1000 -> 0 | ... KP125: =+($B125*KP22)/1000 -> 0
...

Sheet INV.
A1: MUNICIPIO DE URRAO - ANTIOQUIA
A2: MODELO CREG 101-013 DE 2022
B3: PROM.
A4: IPP | B4: =+AOM!B4 -> 0.068055556
A5: IPC | B5: =+AOM!B5 -> 0.0709
A8: COSTO MÁXIMO DE LA ACTIVIDAD DE INVERSIÓN DEL SISTEMA DE ALUMBRADO PÚBLICO
C10: 1 | D10: 2 | E10: 3 | F10: 4 | G10: 5 | H10: 6 | I10: 7 | J10: 8 | K10: 9 | L10: 10 | M10: 11 | N10: 12 | O10: 13 | P10: 14 | Q10: 15 | R10: 16 | S10: 17 | T10: 18 | U10: 19 | V10: 20 | W10: 21 | X10: 22 | Y10: 23 | Z10: 24 | AA10: 25 | AB10: 26 | AC10: 27 | AD10: 28 | AE10: 29 | AF10: 30 | AG10: 31 | AH10: 32 | AI10: 33 | AJ10: 34 | AK10: 35 | AL10: 36 | AM10: 37 | AN10: 38 | AO10: 39 | AP10: 40 | AQ10: 41 | AR10: 42 | AS10: 43 | AT10: 44 | AU10: 45 | AV10: 46 | AW10: 47 | AX10: 48 | AY10: 49 | AZ10: 50 | BA10: 51 | BB10: 52 | BC10: 53 | BD10: 54 | BE10: 55 | BF10: 56 | BG10: 57 | BH10: 58 | BI10: 59 | BJ10: 60 | BK10: 61 | BL10: 62 | BM10: 63 | BN10: 64 | BO10: 65 | BP10: 66 | BQ10: 67 | BR10: 68 | BS10: 69 | BT10: 70 | BU10: 71 | BV10: 72 | BW10: 73 | BX10: 74 | BY10: 75 | BZ10: 76 | CA10: 77 | CB10: 78 | CC10: 79 | CD10: 80 | CE10: 81 | CF10: 82 | CG10: 83 | CH10: 84 | CI10: 85 | CJ10: 86 | CK10: 87 | CL10: 88 | CM10: 89 | CN10: 90 | CO10: 91 | CP10: 92 | CQ10: 93 | CR10: 94 | CS10: 95 | CT10: 96 | CU10: 97 | CV10: 98 | CW10: 99 | CX10: 100 | CY10: 101 | CZ10: 102 | DA10: 103 | DB10: 104 | DC10: 105 | DD10: 106 | DE10: 107 | DF10: 108 | DG10: 109 | DH10: 110 | DI10: 111 | DJ10: 112 | DK10: 113 | DL10: 114 | DM10: 115 | DN10: 116 | DO10: 117 | DP10: 118 | DQ10: 119 | DR10: 120 | DS10: 121 | DT10: 122 | DU10: 123 | DV10: 124 | DW10: 125 | DX10: 126 | DY10: 127 | DZ10: 128 | EA10: 129 | EB10: 130 | EC10: 131 | ED10: 132 | EE10: 133 | EF10: 134 | EG10: 135 | EH10: 136 | EI10: 137 | EJ10: 138 | EK10: 139 | EL10: 140 | EM10: 141 | EN10: 142 | EO10: 143 | EP10: 144 | EQ10: 145 | ER10: 146 | ES10: 147 | ET10: 148 | EU10: 149 | EV10: 150 | EW10: 151 | EX10: 152 | EY10: 153 | EZ10: 154 | FA10: 155 | FB10: 156 | FC10: 157 | FD10: 158 | FE10: 159 | FF10: 160 | FG10: 161 | FH10: 162 | FI10: 163 | FJ10: 164 | FK10: 165 | FL10: 166 | FM10: 167 | FN10: 168 | FO10: 169 | FP10: 170 | FQ10: 171 | FR10: 172 | FS10: 173 | FT10: 174 | FU10: 175 | FV10: 176 | FW10: 177 | FX10: 178 | FY10: 179 | FZ10: 180 | GA10: 181 | GB10: 182 | GC10: 183 | GD10: 184 | GE10: 185 | GF10: 186 | GG10: 187 | GH10: 188 | GI10: 189 | GJ10: 190 | GK10: 191 | GL10: 192 | GM10: 193 | GN10: 194 | GO10: 195 | GP10: 196 | GQ10: 197 | GR10: 198 | GS10: 199 | GT10: 200 | GU10: 201 | GV10: 202 | GW10: 203 | GX10: 204 | GY10: 205 | GZ10: 206 | HA10: 207 | HB10: 208 | HC10: 209 | HD10: 210 | HE10: 211 | HF10: 212 | HG10: 213 | HH10: 214 | HI10: 215 | HJ10: 216 | HK10: 217 | HL10: 218 | HM10: 219 | HN10: 220 | HO10: 221 | HP10: 222 | HQ10: 223 | HR10: 224 | HS10: 225 | HT10: 226 | HU10: 227 | HV10: 228 | HW10: 229 | HX10: 230 | HY10: 231 | HZ10: 232 | IA10: 233 | IB10: 234 | IC10: 235 | ID10: 236 | IE10: 237 | IF10: 238 | IG10: 239 | IH10: 240 | II10: 241 | IJ10: 242 | IK10: 243 | IL10: 244 | IM10: 245 | IN10: 246 | IO10: 247 | IP10: 248 | IQ10: 249 | IR10: 250 | IS10: 251 | IT10: 252 | IU10: 253 | IV10: 254 | IW10: 255 | IX10: 256 | IY10: 257 | IZ10: 258 | JA10: 259 | JB10: 260 | JC10: 261 | JD10: 262 | JE10: 263 | JF10: 264 | JG10: 265 | JH10: 266 | JI10: 267 | JJ10: 268 | JK10: 269 | JL10: 270 | JM10: 271 | JN10: 272 | JO10: 273 | JP10: 274 | JQ10: 275 | JR10: 276 | JS10: 277 | JT10: 278 | JU10: 279 | JV10: 280 | JW10: 281 | JX10: 282 | JY10: 283 | JZ10: 284 | KA10: 285 | KB10: 286 | KC10: 287 | KD10: 288 | KE10: 289 | KF10: 290 | KG10: 291 | KH10: 292 | KI10: 293 | KJ10: 294 | KK10: 295 | KL10: 296 | KM10: 297 | KN10: 298 | KO10: 299 | KP10: 300
A12: INVERSIÓN | C12: =SUM(C13:C18) -> 0 | D12: =SUM(D13:D18) -> 0 | E12: =SUM(E13:E18) -> 0 | F12: =SUM(F13:F18) -> 0 | G12: =SUM(G13:G18) -> 1503 | H12: =SUM(H13:H18) -> 1503 | I12: =SUM(I13:I18) -> 1503 | J12: =SUM(J13:J18) -> 1503 | ... KP12: =SUM(KP13:KP18) -> 1503
A13: LUMINARIA LED 20-60W | G13: =+ENERGIA!G64 -> 1251 | H13: =+G13 -> 1251 | I13: =+H13 -> 1251 | J13: =+I13 -> 1251 | K13: =+J13 -> 1251 | L13: =+K13 -> 1251 | M13: =+L13 -> 1251 | N13: =+M13 -> 1251 | O13: =+N13 -> 1251 | ... KP13: =+KO13 -> 1251
A14: LUMINARIA LED 60-80W | G14: =+ENERGIA!G65 -> 252 | H14: =+G14 -> 252 | I14: =+H14 -> 252 | J14: =+I14 -> 252 | K14: =+J14 -> 252 | L14: =+K14 -> 252 | M14: =+L14 -> 252 | N14: =+M14 -> 252 | O14: =+N14 -> 252 | ... KP14: =+KO14 -> 252
A15: LUMINARIA LED 80-120W
A16: LUMINARIA LED 120-160W
A17: LUMINARIA LED 160-300W
A18: LUMINARIA LED 40-80W SOLAR
A19: TRANSFORMADOR EXCLUSIVO AP
A20: POSTE CONCRETO
A21: POSTE METALICO
A22: RED AEREA
A23: CAMARA INSPEC.
A24: CANALIZACION
A25: RED SUBTERRANEA
A26: TELEGESTIÓN
A28: VALOR UCAPS
A29: LUMINARIA LED 20-60W | C29: =+DRIVERS!D35 -> 2201787.1 | D29: =+C29 -> 2201787.1 | E29: =+D29 -> 2201787.1 | F29: =+E29 -> 2201787.1 | G29: =+F29 -> 2201787.1 | H29: =+G29 -> 2201787.1 | I29: =+H29 -> 2201787.1 | J29: =+I29 -> 2201787.1 | K29: =+J29 -> 2201787.1 | ... KP29: =+KO29 -> 2201787.1
A30: LUMINARIA LED 60-80W | C30: =+DRIVERS!D36 -> 2505481.9 | D30: =+C30 -> 2505481.9 | E30: =+D30 -> 2505481.9 | F30: =+E30 -> 2505481.9 | G30: =+F30 -> 2505481.9 | H30: =+G30 -> 2505481.9 | I30: =+H30 -> 2505481.9 | J30: =+I30 -> 2505481.9 | K30: =+J30 -> 2505481.9 | ... KP30: =+KO30 -> 2505481.9
A31: LUMINARIA LED 80-120W | C31: =+DRIVERS!D37 -> 2657329.3 | D31: =+C31 -> 2657329.3 | E31: =+D31 -> 2657329.3 | F31: =+E31 -> 2657329.3 | G31: =+F31 -> 2657329.3 | H31: =+G31 -> 2657329.3 | I31: =+H31 -> 2657329.3 | J31: =+I31 -> 2657329.3 | K31: =+J31 -> 2657329.3 | ... KP31: =+KO31 -> 2657329.3
A32: LUMINARIA LED 120-160W | C32: =+DRIVERS!D38 -> 2809176.7 | D32: =+C32 -> 2809176.7 | E32: =+D32 -> 2809176.7 | F32: =+E32 -> 2809176.7 | G32: =+F32 -> 2809176.7 | H32: =+G32 -> 2809176.7 | I32: =+H32 -> 2809176.7 | J32: =+I32 -> 2809176.7 | K32: =+J32 -> 2809176.7 | ... KP32: =+KO32 -> 2809176.7
A33: LUMINARIA LED 160-300W | C33: =+DRIVERS!D39 -> 3112871.5 | D33: =+C33 -> 3112871.5 | E33: =+D33 -> 3112871.5 | F33: =+E33 -> 3112871.5 | G33: =+F33 -> 3112871.5 | H33: =+G33 -> 3112871.5 | I33: =+H33 -> 3112871.5 | J33: =+I33 -> 3112871.5 | K33: =+J33 -> 3112871.5 | ... KP33: =+KO33 -> 3112871.5
A34: LUMINARIA LED 40-80W SOLAR | C34: =+DRIVERS!D40 -> 3492490 | D34: =+C34 -> 3492490 | E34: =+D34 -> 3492490 | F34: =+E34 -> 3492490 | G34: =+F34 -> 3492490 | H34: =+G34 -> 3492490 | I34: =+H34 -> 3492490 | J34: =+I34 -> 3492490 | K34: =+J34 -> 3492490 | ... KP34: =+KO34 -> 3492490
A35: TRANSFORMADOR EXCLUSIVO AP | C35: =+DRIVERS!D41 -> 9099656.1 | D35: =+C35 -> 9099656.1 | E35: =+D35 -> 9099656.1 | F35: =+E35 -> 9099656.1 | G35: =+F35 -> 9099656.1 | H35: =+G35 -> 9099656.1 | I35: =+H35 -> 9099656.1 | J35: =+I35 -> 9099656.1 | K35: =+J35 -> 9099656.1 | ... KP35: =+KO35 -> 9099656.1
A36: POSTE CONCRETO | C36: =+DRIVERS!D42 -> 1731599.1 | D36: =+C36 -> 1731599.1 | E36: =+D36 -> 1731599.1 | F36: =+E36 -> 1731599.1 | G36: =+F36 -> 1731599.1 | H36: =+G36 -> 1731599.1 | I36: =+H36 -> 1731599.1 | J36: =+I36 -> 1731599.1 | K36: =+J36 -> 1731599.1 | ... KP36: =+KO36 -> 1731599.1
A37: POSTE METALICO | C37: =+DRIVERS!D43 -> 3792135.4 | D37: =+C37 -> 3792135.4 | E37: =+D37 -> 3792135.4 | F37: =+E37 -> 3792135.4 | G37: =+F37 -> 3792135.4 | H37: =+G37 -> 3792135.4 | I37: =+H37 -> 3792135.4 | J37: =+I37 -> 3792135.4 | K37: =+J37 -> 3792135.4 | ... KP37: =+KO37 -> 3792135.4
A38: RED AEREA | C38: =+DRIVERS!D44 -> 17663.54 | D38: =+C38 -> 17663.54 | E38: =+D38 -> 17663.54 | F38: =+E38 -> 17663.54 | G38: =+F38 -> 17663.54 | H38: =+G38 -> 17663.54 | I38: =+H38 -> 17663.54 | J38: =+I38 -> 17663.54 | K38: =+J38 -> 17663.54 | ... KP38: =+KO38 -> 17663.54
A39: CAMARA INSPEC. | C39: =+DRIVERS!D45 -> 953803.11 | D39: =+C39 -> 953803.11 | E39: =+D39 -> 953803.11 | F39: =+E39 -> 953803.11 | G39: =+F39 -> 953803.11 | H39: =+G39 -> 953803.11 | I39: =+H39 -> 953803.11 | J39: =+I39 -> 953803.11 | K39: =+J39 -> 953803.11 | ... KP39: =+KO39 -> 953803.11
A40: CANALIZACION | C40: =+DRIVERS!D46 -> 289262.07 | D40: =+C40 -> 289262.07 | E40: =+D40 -> 289262.07 | F40: =+E40 -> 289262.07 | G40: =+F40 -> 289262.07 | H40: =+G40 -> 289262.07 | I40: =+H40 -> 289262.07 | J40: =+I40 -> 289262.07 | K40: =+J40 -> 289262.07 | ... KP40: =+KO40 -> 289262.07
... A42: TELEGESTIÓN | C42: =+DRIVERS!D48 -> 1032972.2 | D42: =+C42 -> 1032972.2 | E42: =+D42 -> 1032972.2 | F42: =+E42 -> 1032972.2 | G42: =+F42 -> 1032972.2 | H42: =+G42 -> 1032972.2 | I42: =+H42 -> 1032972.2 | J42: =+I42 -> 1032972.2 | K42: =+J42 -> 1032972.2 | ... KP42: =+KO42 -> 1032972.2
A44: VALOR INVERSIÓN
A45: LUMINARIA LED 20-60W | C45: =+C29*C13 -> 0 | D45: =+D29*D13 -> 0 | E45: =+E29*E13 -> 0 | F45: =+F29*F13 -> 0 | G45: =+G29*G13 -> 2.7544357e+09 | H45: =+H29*H13 -> 2.7544357e+09 | I45: =+I29*I13 -> 2.7544357e+09 | J45: =+J29*J13 -> 2.7544357e+09 | ... KP45: =+KP29*KP13 -> 2.7544357e+09
A46: LUMINARIA LED 60-80W | C46: =+C30*C14 -> 0 | D46: =+D30*D14 -> 0 | E46: =+E30*E14 -> 0 | F46: =+F30*F14 -> 0 | G46: =+G30*G14 -> 6.3138145e+08 | H46: =+H30*H14 -> 6.3138145e+08 | I46: =+I30*I14 -> 6.3138145e+08 | J46: =+J30*J14 -> 6.3138145e+08 | ... KP46: =+KP30*KP14 -> 6.3138145e+08
A47: LUMINARIA LED 80-120W | C47: =+C31*C15 -> 0 | D47: =+D31*D15 -> 0 | E47: =+E31*E15 -> 0 | F47: =+F31*F15 -> 0 | G47: =+G31*G15 -> 0 | H47: =+H31*H15 -> 0 | I47: =+I31*I15 -> 0 | J47: =+J31*J15 -> 0 | ... KP47: =+KP31*KP15 -> 0
A48: LUMINARIA LED 120-160W | C48: =+C32*C16 -> 0 | D48: =+D32*D16 -> 0 | E48: =+E32*E16 -> 0 | F48: =+F32*F16 -> 0 | G48: =+G32*G16 -> 0 | H48: =+H32*H16 -> 0 | I48: =+I32*I16 -> 0 | J48: =+J32*J16 -> 0 | ... KP48: =+KP32*KP16 -> 0
A49: LUMINARIA LED 160-300W | C49: =+C33*C17 -> 0 | D49: =+D33*D17 -> 0 | E49: =+E33*E17 -> 0 | F49: =+F33*F17 -> 0 | G49: =+G33*G17 -> 0 | H49: =+H33*H17 -> 0 | I49: =+I33*I17 -> 0 | J49: =+J33*J17 -> 0 | ... KP49: =+KP33*KP17 -> 0
A50: LUMINARIA LED 40-80W SOLAR | C50: =+C34*C18 -> 0 | D50: =+D34*D18 -> 0 | E50: =+E34*E18 -> 0 | F50: =+F34*F18 -> 0 | G50: =+G34*G18 -> 0 | H50: =+H34*H18 -> 0 | I50: =+I34*I18 -> 0 | J50: =+J34*J18 -> 0 | ... KP50: =+KP34*KP18 -> 0
A51: TRANSFORMADOR EXCLUSIVO AP | C51: =+C35*C19 -> 0 | D51: =+D35*D19 -> 0 | E51: =+E35*E19 -> 0 | F51: =+F35*F19 -> 0 | G51: =+G35*G19 -> 0 | H51: =+H35*H19 -> 0 | I51: =+I35*I19 -> 0 | J51: =+J35*J19 -> 0 | ... KP51: =+KP35*KP19 -> 0
A52: POSTE CONCRETO | C52: =+C36*C20 -> 0 | D52: =+D36*D20 -> 0 | E52: =+E36*E20 -> 0 | F52: =+F36*F20 -> 0 | G52: =+G36*G20 -> 0 | H52: =+H36*H20 -> 0 | I52: =+I36*I20 -> 0 | J52: =+J36*J20 -> 0 | ... KP52: =+KP36*KP20 -> 0
A53: POSTE METALICO | C53: =+C37*C21 -> 0 | D53: =+D37*D21 -> 0 | E53: =+E37*E21 -> 0 | F53: =+F37*F21 -> 0 | G53: =+G37*G21 -> 0 | H53: =+H37*H21 -> 0 | I53: =+I37*I21 -> 0 | J53: =+J37*J21 -> 0 | ... KP53: =+KP37*KP21 -> 0
A54: RED AEREA | C54: =+C38*C22 -> 0 | D54: =+D38*D22 -> 0 | E54: =+E38*E22 -> 0 | F54: =+F38*F22 -> 0 | G54: =+G38*G22 -> 0 | H54: =+H38*H22 -> 0 | I54: =+I38*I22 -> 0 | J54: =+J38*J22 -> 0 | ... KP54: =+KP38*KP22 -> 0
A55: CAMARA INSPEC. | C55: =+C39*C23 -> 0 | D55: =+D39*D23 -> 0 | E55: =+E39*E23 -> 0 | F55: =+F39*F23 -> 0 | G55: =+G39*G23 -> 0 | H55: =+H39*H23 -> 0 | I55: =+I39*I23 -> 0 | J55: =+J39*J23 -> 0 | ... KP55: =+KP39*KP23 -> 0
A56: CANALIZACION | C56: =+C40*C24 -> 0 | D56: =+D40*D24 -> 0 | E56: =+E40*E24 -> 0 | F56: =+F40*F24 -> 0 | G56: =+G40*G24 -> 0 | H56: =+H40*H24 -> 0 | I56: =+I40*I24 -> 0 | J56: =+J40*J24 -> 0 | ... KP56: =+KP40*KP24 -> 0
... A58: TELEGESTIÓN | C58: =+C42*C26 -> 0 | D58: =+D42*D26 -> 0 | E58: =+E42*E26 -> 0 | F58: =+F42*F26 -> 0 | G58: =+G42*G26 -> 0 | H58: =+H42*H26 -> 0 | I58: =+I42*I26 -> 0 | J58: =+J42*J26 -> 0 | ... KP58: =+KP42*KP26 -> 0
C59: =SUM(C45:C58) -> 0 | D59: =SUM(D45:D58) -> 0 | E59: =SUM(E45:E58) -> 0 | F59: =SUM(F45:F58) -> 0 | G59: =SUM(G45:G58) -> 3.3858172e+09 | H59: =SUM(H45:H58) -> 3.3858172e+09 | I59: =SUM(I45:I58) -> 3.3858172e+09 | J59: =SUM(J45:J58) -> 3.3858172e+09 | ... KP59: =SUM(KP45:KP58) -> 3.3858172e+09
A62: INGRESOS MÁXIMOS
A64: CINV
A65: Cri | C65: =SUM(C54:C58) -> 0 | D65: =+D59 -> 0 | E65: =+E59 -> 0 | F65: =+F59 -> 0 | G65: =+G59 -> 3.3858172e+09 | H65: =+H59 -> 3.3858172e+09 | I65: =+I59 -> 3.3858172e+09 | J65: =+J59 -> 3.3858172e+09 | K65: =+K59 -> 3.3858172e+09 | ... KP65: =+KP59 -> 3.3858172e+09
A66: CRi,L | C66: =SUM(C45:C50)*C76 -> 0
A67: r | C67: =+DRIVERS!B56 -> 0.1209 | D67: =+C67 -> 0.1209 | E67: =+D67 -> 0.1209 | F67: =+E67 -> 0.1209 | G67: =+F67 -> 0.1209 | H67: =+G67 -> 0.1209 | I67: =+H67 -> 0.1209 | J67: =+I67 -> 0.1209 | K67: =+J67 -> 0.1209 | ... KP67: =+KO67 -> 0.1209
A68: Vi | C68: 25 | D68: =+C68 -> 25 | E68: =+D68 -> 25 | F68: =+E68 -> 25 | G68: =+F68 -> 25 | H68: =+G68 -> 25 | I68: =+H68 -> 25 | J68: =+I68 -> 25 | K68: =+J68 -> 25 | ... KP68: =+KO68 -> 25
A69: CAAE | C69: =+((C65+C66)*(C67/(1-((1+C67)^-C68)))) -> 0 | D69: =+((D65+D66)*(D67/(1-((1+D67)^-D68)))) -> 0 | E69: =+((E65+E66)*(E67/(1-((1+E67)^-E68)))) -> 0 | F69: =+((F65+F66)*(F67/(1-((1+F67)^-F68)))) -> 0 | G69: =+((G65+G66)*(G67/(1-((1+G67)^-G68)))) -> 4.3438952e+08 | H69: =+((H65+H66)*(H67/(1-((1+H67)^-H68)))) -> 4.3438952e+08 | I69: =+((I65+I66)*(I67/(1-((1+I67)^-I68)))) -> 4.3438952e+08 | J69: =+((J65+J66)*(J67/(1-((1+J67)^-J68)))) -> 4.3438952e+08 | ... KP69: =+((KP65+KP66)*(KP67/(1-((1+KP67)^-KP68)))) -> 4.3438952e+08
A70: fM | C70: =+(((1+C67)^(0.0833333333333333))-1)/C67 -> 0.079043571 | D70: =+(((1+D67)^(0.0833333333333333))-1)/D67 -> 0.079043571 | E70: =+(((1+E67)^(0.0833333333333333))-1)/E67 -> 0.079043571 | F70: =+(((1+F67)^(0.0833333333333333))-1)/F67 -> 0.079043571 | G70: =+(((1+G67)^(0.0833333333333333))-1)/G67 -> 0.079043571 | H70: =+(((1+H67)^(0.0833333333333333))-1)/H67 -> 0.079043571 | I70: =+(((1+I67)^(0.0833333333333333))-1)/I67 -> 0.079043571 | J70: =+(((1+J67)^(0.0833333333333333))-1)/J67 -> 0.079043571 | ... KP70: =+(((1+KP67)^(0.0833333333333333))-1)/KP67 -> 0.079043571
A71: CAT | C71: 0 | D71: 0 | E71: 0 | F71: 0 | G71: 0 | H71: 0 | I71: 0 | J71: 0 | K71: 0 | L71: 0 | M71: 0 | N71: 0 | O71: 0 | P71: 0 | Q71: 0 | R71: 0 | S71: 0 | T71: 0 | U71: 0 | V71: 0 | W71: 0 | X71: 0 | Y71: 0 | Z71: 0 | AA71: 0 | AB71: 0 | AC71: 0 | AD71: 0 | AE71: 0 | AF71: 0 | AG71: 0 | AH71: 0 | AI71: 0 | AJ71: 0 | AK71: 0 | AL71: 0 | AM71: 0 | AN71: 0 | AO71: 0 | AP71: 0 | AQ71: 0 | AR71: 0 | AS71: 0 | AT71: 0 | AU71: 0 | AV71: 0 | AW71: 0 | AX71: 0 | AY71: 0 | AZ71: 0 | BA71: 0 | BB71: 0 | BC71: 0 | BD71: 0 | BE71: 0 | BF71: 0 | BG71: 0 | BH71: 0 | BI71: 0 | BJ71: 0 | BK71: 0 | BL71: 0 | BM71: 0 | BN71: 0 | BO71: 0 | BP71: 0 | BQ71: 0 | BR71: 0 | BS71: 0 | BT71: 0 | BU71: 0 | BV71: 0 | BW71: 0 | BX71: 0 | BY71: 0 | BZ71: 0 | CA71: 0 | CB71: 0 | CC71: 0 | CD71: 0 | CE71: 0 | CF71: 0 | CG71: 0 | CH71: 0 | CI71: 0 | CJ71: 0 | CK71: 0 | CL71: 0 | CM71: 0 | CN71: 0 | CO71: 0 | CP71: 0 | CQ71: 0 | CR71: 0 | CS71: 0 | CT71: 0 | CU71: 0 | CV71: 0 | CW71: 0 | CX71: 0 | CY71: 0 | CZ71: 0 | DA71: 0 | DB71: 0 | DC71: 0 | DD71: 0 | DE71: 0 | DF71: 0 | DG71: 0 | DH71: 0 | DI71: 0 | DJ71: 0 | DK71: 0 | DL71: 0 | DM71: 0 | DN71: 0 | DO71: 0 | DP71: 0 | DQ71: 0 | DR71: 0 | DS71: 0 | DT71: 0 | DU71: 0 | DV71: 0 | DW71: 0 | DX71: 0 | DY71: 0 | DZ71: 0 | EA71: 0 | EB71: 0 | EC71: 0 | ED71: 0 | EE71: 0 | EF71: 0 | EG71: 0 | EH71: 0 | EI71: 0 | EJ71: 0 | EK71: 0 | EL71: 0 | EM71: 0 | EN71: 0 | EO71: 0 | EP71: 0 | EQ71: 0 | ER71: 0 | ES71: 0 | ET71: 0 | EU71: 0 | EV71: 0 | EW71: 0 | EX71: 0 | EY71: 0 | EZ71: 0 | FA71: 0 | FB71: 0 | FC71: 0 | FD71: 0 | FE71: 0 | FF71: 0 | FG71: 0 | FH71: 0 | FI71: 0 | FJ71: 0 | FK71: 0 | FL71: 0 | FM71: 0 | FN71: 0 | FO71: 0 | FP71: 0 | FQ71: 0 | FR71: 0 | FS71: 0 | FT71: 0 | FU71: 0 | FV71: 0 | FW71: 0 | FX71: 0 | FY71: 0 | FZ71: 0 | GA71: 0 | GB71: 0 | GC71: 0 | GD71: 0 | GE71: 0 | GF71: 0 | GG71: 0 | GH71: 0 | GI71: 0 | GJ71: 0 | GK71: 0 | GL71: 0 | GM71: 0 | GN71: 0 | GO71: 0 | GP71: 0 | GQ71: 0 | GR71: 0 | GS71: 0 | GT71: 0 | GU71: 0 | GV71: 0 | GW71: 0 | GX71: 0 | GY71: 0 | GZ71: 0 | HA71: 0 | HB71: 0 | HC71: 0 | HD71: 0 | HE71: 0 | HF71: 0 | HG71: 0 | HH71: 0 | HI71: 0 | HJ71: 0 | HK71: 0 | HL71: 0 | HM71: 0 | HN71: 0 | HO71: 0 | HP71: 0 | HQ71: 0 | HR71: 0 | HS71: 0 | HT71: 0 | HU71: 0 | HV71: 0 | HW71: 0 | HX71: 0 | HY71: 0 | HZ71: 0 | IA71: 0 | IB71: 0 | IC71: 0 | ID71: 0 | IE71: 0 | IF71: 0 | IG71: 0 | IH71: 0 | II71: 0 | IJ71: 0 | IK71: 0 | IL71: 0 | IM71: 0 | IN71: 0 | IO71: 0 | IP71: 0 | IQ71: 0 | IR71: 0 | IS71: 0 | IT71: 0 | IU71: 0 | IV71: 0 | IW71: 0 | IX71: 0 | IY71: 0 | IZ71: 0 | JA71: 0 | JB71: 0 | JC71: 0 | JD71: 0 | JE71: 0 | JF71: 0 | JG71: 0 | JH71: 0 | JI71: 0 | JJ71: 0 | JK71: 0 | JL71: 0 | JM71: 0 | JN71: 0 | JO71: 0 | JP71: 0 | JQ71: 0 | JR71: 0 | JS71: 0 | JT71: 0 | JU71: 0 | JV71: 0 | JW71: 0 | JX71: 0 | JY71: 0 | JZ71: 0 | KA71: 0 | KB71: 0 | KC71: 0 | KD71: 0 | KE71: 0 | KF71: 0 | KG71: 0 | KH71: 0 | KI71: 0 | KJ71: 0 | KK71: 0 | KL71: 0 | KM71: 0 | KN71: 0 | KO71: 0 | KP71: 0
A72: NE | C72: =+DRIVERS!B57 -> 0.041 | D72: =+C72 -> 0.041 | E72: =+D72 -> 0.041 | F72: =+E72 -> 0.041 | G72: =+F72 -> 0.041 | H72: =+G72 -> 0.041 | I72: =+H72 -> 0.041 | J72: =+I72 -> 0.041 | K72: =+J72 -> 0.041 | ... KP72: =+KO72 -> 0.041
A73: CAAE | C73: =AOM!C155 -> 18221843 | D73: =AOM!D155 -> 18221843 | E73: =AOM!E155 -> 18221843 | F73: =AOM!F155 -> 18221843 | G73: =AOM!G155 -> 18221843 | H73: =AOM!H155 -> 47272197 | I73: =AOM!I155 -> 47326335 | J73: =AOM!J155 -> 47407543 | ... KP73: =AOM!KP155 -> 76777649
A74: CAANE | C74: =+C73*C72 -> 747095.58 | D74: =+D73*D72 -> 747095.58 | E74: =+E73*E72 -> 747095.58 | F74: =+F73*F72 -> 747095.58 | G74: =+G73*G72 -> 747095.58 | H74: =+H73*H72 -> 1938160.1 | I74: =+I73*I72 -> 1940379.7 | J74: =+J73*J72 -> 1943709.3 | ... KP74: =+KP73*KP72 -> 3147883.6
A75: ID | C75: =+AOM!C85 -> 0.99757978 | D75: =+AOM!D85 -> 0.99757978 | E75: =+AOM!E85 -> 0.99757978 | F75: =+AOM!F85 -> 0.99757978 | G75: =+AOM!G85 -> 0.99757978 | H75: =+AOM!H85 -> 0.99754815 | I75: =+AOM!I85 -> 0.99748242 | J75: =+AOM!J85 -> 0.99748628 | ... KP75: =+AOM!KP85 -> 0.9974624
A76: AJUSTE POR EFICACIA LUMINICA | B76: (150/130) | F76: =+(150/130) -> 1.1538462 | G76: =+F76 -> 1.1538462 | H76: =+G76 -> 1.1538462 | I76: =+H76 -> 1.1538462 | J76: =+I76 -> 1.1538462 | K76: =+J76 -> 1.1538462 | L76: =+K76 -> 1.1538462 | M76: =+L76 -> 1.1538462 | N76: =+M76 -> 1.1538462 | ... KP76: =+KO76 -> 1.1538462
K77: 1 | L77: =+K77+(4%/12) -> 1.0033333 | M77: =+L77+(4%/12) -> 1.0066667 | N77: =+M77+(4%/12) -> 1.01 | O77: =+N77+(4%/12) -> 1.0133333 | P77: =+O77+(4%/12) -> 1.0166667 | Q77: =+P77+(4%/12) -> 1.02 | R77: =+Q77+(4%/12) -> 1.0233333 | S77: =+R77+(4%/12) -> 1.0266667 | ... KP77: =+KO77+(4%/12) -> 1.97
A78: TOTAL CINV | C78: =+((C69*C70)+C71+C74)*C75 -> 745287.44 | D78: =+((D69*D70)+D71+D74)*D75 -> 745287.44 | E78: =+((E69*E70)+E71+E74)*E75 -> 745287.44 | F78: =+((F69*F70)+F71+F74)*F75 -> 745287.44 | G78: =+((G69*G70)+G71+G74)*G75 -> 34997886 | H78: =+((H69*H70)+H71+H74)*H75 -> 36184921 | I78: =+((I69*I70)+I71+I74)*I75 -> 36184751 | J78: =+((J69*J70)+J71+J74)*J75 -> 36188212 | ... KP78: =+((KP69*KP70)+KP71+KP74)*KP75 -> 37388464
L79: =+$K$78*(K77/$K$77) -> 36191673 | M79: =+$K$78*(L77/$K$77) -> 36312312 | N79: =+$K$78*(M77/$K$77) -> 36432950 | O79: =+$K$78*(N77/$K$77) -> 36553589 | P79: =+$K$78*(O77/$K$77) -> 36674228 | Q79: =+$K$78*(P77/$K$77) -> 36794867 | R79: =+$K$78*(Q77/$K$77) -> 36915506 | S79: =+$K$78*(R77/$K$77) -> 37036145 | ... DR79: =+$K$78*(DQ77/$K$77) -> 49461953

Sheet RESUMEN INV.
A1: MUNICIPIO DE URRAO - ANTIOQUIA
A2: RESUMEN INVERSIÓN
A4: ITEM UCAP | B4: CANTIDAD | C4: VR. UCAP | D4: TOTAL
A5: =+INV.!A45 -> LUMINARIA LED 20-60W | B5: =+INV.!G13 -> 1251 | C5: =+(INV.!G29) -> 2201787.1 | D5: =+B5*C5 -> 2.7544357e+09 | O5: 3 | P5: =+O5 -> 3 | Q5: =+P5 -> 3 | R5: =+Q5 -> 3 | S5: =+R5 -> 3 | T5: =+S5 -> 3 | U5: =+T5 -> 3 | V5: =+U5 -> 3 | W5: =+V5 -> 3 | ... II5: =+IH5 -> 3
A6: =+INV.!A46 -> LUMINARIA LED 60-80W | B6: =+INV.!G14 -> 252 | C6: =+INV.!G30 -> 2505481.9 | D6: =+B6*C6 -> 6.3138145e+08
B7: =SUM(B5:B6) -> 1503 | D7: =SUM(D5:D6) -> 3.3858172e+09
